 Dungeon Crawl Stone Soup version 0.31-a0-823-ga682863bf0 (webtiles) character file.

Game seed: 4650116273386822121

551457 qw the Conqueror (level 26, -10/193 HPs)
             Began as a Gargoyle Hunter on Sept 23, 2023.
             Was a High Priest of Okawaru.
             Mangled by a green draconian monk (12 damage)
             ... on level 3 of the Realm of Zot.
             The game lasted 00:26:18 (48081 turns).

qw the Conqueror (Gargoyle Hunter)                 Turns: 48081, Time: 00:26:18

Health: -10/193    AC: 60    Str: 17    XL:     26   Next: 33%
Magic:  31/31      EV: 41    Int: 13    God:    Okawaru [*****.]
Gold:   651        SH:  0    Dex: 24    Spells: 25/25 levels left

rFire   + . .        h - +27 heavy crossbow "Sniper" {heavy, Acc+∞ SInv}
rCold   . . .        (shield currently unavailable)
rNeg    + . .        w - +4 ring mail {rF+}
rPois   inf          y - +1 helmet
rElec   +            l - +2 cloak {Will+}
rCorr   .            s - +2 pair of gloves
SInv    +            m - +2 pair of boots
Will    ++...        u - amulet of faith
Stlth   +++          k - ring of the Tortoise {AC+8}
HPRegen 0.52/turn    t - ring of the Hare {EV+10}
MPRegen 0.22/turn

%: faith
@: about to teleport, heroic, marked, flying
A: sickness immunity, AC +20, big wings, negative energy resistance 1,
electricity resistance, torment resistance 1, petrification resistance,
iridescent scales 1, agile 1, strong 1, MP-powered wands
}: 3/15 runes: serpentine, barnacled, silver
a: Renounce Religion, Heroism, Finesse, Duel


You were on level 3 of the Realm of Zot.
You worshipped Okawaru.
Okawaru was extremely pleased with you.
You visited 9 branches of the dungeon, and saw 43 of its levels.
You visited the Abyss 2 times.
You also visited: Gauntlet.

You collected 6682 gold pieces.
You spent 6031 gold pieces at shops.


Innate Abilities, Weirdness & Mutations

You are immune to sickness and miasma.
Your stone body is resilient. (AC +20)
You are immune to poison.
Your large and strong wings let you fly.
You resist negative energy. (rN+)
You are resistant to electric shocks. (rElec)
You are resistant to unholy torment.
You are immune to petrification.
You are partially covered in iridescent scales. (AC +2)
You are agile. (Dex +4, Str/Int -1)
Your muscles are strong. (Str +4, Int/Dex -1)
You expend magic power (3 MP) to strengthen your wands.


   Skills:
 O Level 27 Fighting
 - Level 22.0(27) Ranged Weapons
 + Level 20.7(25.7) Armour
 - Level 19.0(24.0) Dodging
 - Level 1.1(6.1) Stealth
 - Level 11.6 Invocations


You had 25 spell levels left.
You didn't know any spells.
Your spell library was empty.

Inventory:

Hand Weapons
 h - the +27 heavy crossbow "Sniper" (weapon) {heavy, Acc+∞ SInv}
   (You bought it in a shop on level 2 of the Orcish Mines)

   Acc+∞: It never misses its target.
   SInv:      It lets you see invisible.
Armour
 l - a +2 cloak of willpower (worn)
 m - a +2 pair of boots (worn)
 o - the +4 ring mail "Vamapno" {rElec Int+3 Slay+3}
   (You found it on level 11 of the Dungeon)

   Int+3:     It affects your intelligence (+3).
   Slay+3:    It affects your accuracy & damage with ranged weapons and melee
   (+3).
   rElec:     It insulates you from electricity.
 s - a +2 pair of gloves (worn)
 w - a +4 ring mail of fire resistance (worn)
 y - a +1 helmet (worn)
Jewellery
 f - the amulet "Mewnasim" {Acrobat -Cast rC+++ Dex+6 Slay-5}
   (You bought it in a shop on level 2 of the Vaults)

   [amulet of the acrobat]

   Acrobat:   It increases your evasion while moving and waiting.
   Dex+6:     It affects your dexterity (+6).
   Slay-5:    It affects your accuracy & damage with ranged weapons and melee
   (-5).
   rC+++:     It renders you almost immune to cold.
   -Cast:     It prevents spellcasting.
 i - the brooch of Shielding {Spirit SH+8}
   (You bought it in a shop on level 2 of the Orcish Mines)

   [amulet of guardian spirit]

   Spirit:    It causes incoming damage to be divided between your reserves of
   health and magic.
   SH+8:      It affects your SH (+8).
 k - the ring of the Tortoise (left hand) {AC+8}
   (You found it on level 5 of the Lair of Beasts)

   [ring of protection]

   AC+8:      It affects your AC (+8).
 q - the ring of Generosity {+Blink rF+ Will+ Int+5}
   (You found it on level 1 of the Realm of Zot)

   [ring of willpower]

   Int+5:     It affects your intelligence (+5).
   rF+:       It protects you from fire.
   Will+:     It increases your willpower.
   +Blink:    It lets you blink.
 t - the ring of the Hare (right hand) {EV+10}
   (You found it in a Gauntlet)

   [ring of evasion]

   EV+10:     It affects your evasion (+10).
 u - an amulet of faith (around neck)
Wands
 v - a wand of digging (13)
Scrolls
 g - 17 scrolls of identify
 j - 22 scrolls of teleportation
 r - 2 scrolls of brand weapon
 z - 6 scrolls of enchant weapon
Potions
 a - 7 potions of haste
 b - 6 potions of enlightenment
 c - 7 potions of might
 d - 2 potions of mutation
 e - 4 potions of magic
 n - 5 potions of cancellation
 p - 17 potions of curing

Dungeon Overview and Level Annotations

Branches:
Dungeon (15/15)            Temple (1/1) D:4            Lair (5/5) D:11
 Shoals (4/4) Lair:3        Snake (4/4) Lair:3        Slime (0/5) Lair:5
    Orc (2/2) D:11            Elf (0/3) Orc:2        Vaults (5/5) D:14
  Crypt (0/3) Vaults:2     Depths (4/4) D:15            Zot (3/5) Depths:4
Gauntlet (visited)

Altars:
Ashenzari
Cheibriados
Dithmenos
Elyvilon
Fedhas
Gozag
Hepliaklqana
Kikubaaqudgha
Makhleb
Nemelex Xobeh
Okawaru
Qazlal
Ru
Sif Muna
Trog
Uskayaw
Vehumet
Wu Jian
Xom
Yredelemnul
Zin
The Shining One

Shops:
D:2 (   D:8 ?   D:15 ?   Orc:2 *=([*   Shoals:2 !(   Shoals:3 (   Snake:1 *
Snake:4 *=   Vaults:1 (   Vaults:2 =   Depths:1 :   Depths:3 [((*(

Portals:
Hell: Depths:1 Depths:2 Depths:3 Depths:4
Abyss: Depths:1 Depths:3
Pandemonium: Depths:2
Ziggurat: Depths:4
Trove: Vaults:1 (give 8 potions of haste)

Annotations:
D:8 4 runed translucent doors, qw's ghost, novice GrHs
D:11 2 transporters
D:12 2 transporters, collin38's ghost, journeyman MiBe
Vaults:4 1 runed translucent door, qw's ghost, adept GrHu
Depths:2 1 runed translucent door
Depths:4 exclusions: great orb of eyes and 4 shining eyes


Message History

The quicksilver dragon goes berserk!
The quicksilver dragon closely misses you.
The quicksilver dragon completely misses you.
The red draconian completely misses you. x2
The black draconian completely misses you.
The green draconian monk hits you but does no damage.
The green draconian monk misses you.
The green draconian monk tail-slaps you.
The green draconian monk completely misses you.
The black draconian barely misses you.
The black draconian hits you with a +0 long sword.
The white draconian misses you.
The moth of wrath goads the shadow dragon on!
The shadow dragon goes berserk!
A golden dragon comes into view.
The quicksilver dragon completely misses you. x2
A quicksilver dragon comes into view.
The red draconian misses you.
You shoot a bolt.
The bolt hits the quicksilver dragon!!!!
The quicksilver dragon is severely wounded.
The quicksilver dragon completely misses you.
The quicksilver dragon claws you! The red draconian barely misses you.
The black draconian completely misses you.
The green draconian monk hits you but does no damage.
The green draconian monk completely misses you.
The green draconian monk barely misses you.
The green draconian monk misses you.
The black draconian completely misses you.
The black draconian closely misses you. The quicksilver dragon bites you.
The quicksilver dragon misses you.
The white draconian completely misses you.
The red draconian hits you but does no damage.
The red draconian completely misses you.
The black draconian closely misses you.
The green draconian monk completely misses you.
The green draconian monk kicks you but does no damage.
The green draconian monk misses you.
The green draconian monk tail-slaps you!
You die...

##.........
##..[........
##..>..)....DD
##.............
##<.............
#...........#...
#....#.dd........
#....#..yd#Dd.##
#...##....#@dD##
#...#
#..###qdD.....
#........#
#dyq.d...
#.........
...#.d... ......
...#..... $....
..... #... ...#.
.#q ....##. #


You could see a shadow dragon (berserk), a green draconian monk (berserk), a
golden dragon, a storm dragon, 3 draconians, 2 draconians, 2 draconians, 2
draconians, a purple draconian shifter, 2 quicksilver dragons, a red draconian
scorcher and 2 moths of wrath.

Vanquished Creatures
  2 dread liches (Vaults:5)
  An orb of fire (Zot:2)
  An ancient lich (Vaults:5)
  2 juggernauts
  6 Killer Klowns (Zot:2)
  Boris (Depths:4)
  Bai Suzhen (Shoals:3)
  A caustic shrike (Depths:1)
  Margery (Vaults:2)
  Vv (Depths:4)
  A curse toe (Zot:2)
  Vashnia (Snake:2)
  4 golden dragons
  Norris (Depths:2)
  Nikola (Snake:2)
  Jory (Depths:4)
  A bone dragon (Depths:4)
  14 tentacled monstrosities
  Jorgrun (Orc:1)
  Zenata (Vaults:2)
  4 liches
  6 quicksilver dragons
  3 titans (Vaults:5)
  6 sphinxes
  8 death cobs
  An Executioner (Abyss:2)
  A kraken (Shoals:1)
  Gastronok (D:10)
  6 shadow dragons
  3 tengu reavers
  Kirke (Shoals:1)
  Agnes (D:14)
  10 storm dragons
  Ilsuiw (Shoals:3)
  Aizul (Snake:1)
  8 fire giants
  A nagaraja (Snake:4)
  5 draconian knights
  An iron dragon (Vaults:5)
  19 vault wardens
  13 frost giants
  2 draconian monks (Zot:2)
  A juggernaut zombie (Depths:3)
  2 draconian scorchers
  3 spriggan defenders
  3 draconian shifters
  4 draconian stormcallers
  An angel (Abyss:2)
  A ghost moth (Zot:2)
  2 orc warlords
  22 very ugly things
  24 ironbound preservers
  4 formless jellyfish
  4 draconian annihilators
  3 war gargoyles
  12 stone giants
  A vampire knight (Depths:2)
  7 ironbound thunderhulks
  2 deep elf demonologists
  4 deep elf annihilators (Vaults:5)
  Nessos (Orc:2)
  9 red draconians
  4 green draconians
  7 black draconians
  8 yellow draconians
  10 dire elephants
  10 white draconians
  9 spark wasps
  A minotaur (Gauntlet)
  10 purple draconians
  18 ettins
  3 merfolk javelineers
  A blizzard demon (Gauntlet)
  An eidolon (Abyss:2)
  10 merfolk impalers
  9 fire dragons
  A quicksilver dragon zombie (Depths:3)
  A fire dragon (shapeshifter) (Vaults:5)
  3 deep elf high priests
  2 entropy weavers
  8 ice dragons
  A hydra (shapeshifter) (Vaults:5)
  3 great orbs of eyes
  4 hydras
  10 yaktaur captains
  40 vault guards
  Harold (D:10)
  A hell beast (Depths:3)
  4 rakshasas (Depths:1)
  6 salamander tyrants (Snake:4)
  2 boulder beetles (D:11)
  A catoblepas (D:14)
  12 anacondas
  2 spriggan air magi
  7 ironbound frosthearts
  3 two-headed ogres
  Erica (D:10)
  13 centaur warriors
  2 merfolk avatars (Shoals:2)
  3 merfolk aquamancers
  A deep troll shaman (Depths:2)
  3 death yaks (Lair:5)
  14 naga warriors
  4 tengu warriors
  3 hell hogs
  A sphinx skeleton (Depths:3)
  3 satyrs
  5 spriggan berserkers
  7 shock serpents
  2 orc high priests (Orc:2)
  2 deep troll earth magi
  10 spriggans
  6 hell knights
  Amaemon (D:10)
  Sonja (Orc:1)
  12 naga sharpshooters
  Nergalle (Orc:1)
  6 soul eaters
  8 skysharks
  3 sun demons (Depths:2)
  A wretched star (Abyss:2)
  A shadow wraith (D:14)
  2 iron trolls (Depths:2)
  6 salamander mystics (Snake:4)
  4 skeletal warriors (D:13)
  A sea snake (shapeshifter) (Vaults:5)
  10 sea snakes
  56 deep trolls
  A golden dragon zombie (Depths:3)
  2 glowing orange brains
  4 flayed ghosts (Depths:3)
  12 wizards
  5 naga ritualists
  A swamp dragon (Lair:5)
  2 tengu zombies
  9 ironbound convokers
  A swamp dragon (shapeshifter) (Vaults:5)
  4 phantasmal warriors
  8 lindwurms
  5 orc knights
  A deep elf zephyrmancer (D:15)
  2 deep elf pyromancers
  30 harpies
  25 fauns
  12 mana vipers
  A wolf spider zombie (D:15)
  4 starcursed masses (Abyss:2)
  9 necromancers
  2 wolf spiders (Lair:5)
  An oklob plant (Gauntlet)
  11 cyclopes
  43 ugly things
  5 manticores
  20 salamanders
  10 orc sorcerers
  8 guardian serpents
  2 worldbinders (Abyss:2)
  37 black mambas
  13 moths of wrath
  18 elephants
  A stone giant skeleton (Depths:1)
  6 smoke demons (Depths:2)
  2 fire giant skeletons (Depths:3)
  8 merfolk sirens
  11 apocalypse crabs (Depths:3)
  15 vault sentinels
  3 gargoyles
  13 naga magi
  4 water nymphs
  11 cane toads
  A yaktaur zombie (Vaults:3)
  An orange demon (D:10)
  A centaur skeleton (D:15)
  3 tengu conjurers
  2 unseen horrors
  6 komodo dragons
  2 minotaur zombies (Gauntlet)
  5 rime drakes
  A freezing wraith (D:14)
  An efreet (D:13)
  An ice devil (Gauntlet)
  28 yaktaurs
  2 burning bushes (Lair:2)
  A human skeleton (Vaults:3)
  6 trolls
  34 merfolk
  A polar bear (Lair:2)
  5 snapping turtles
  6 wind drakes
  15 hornets
  11 blink frogs
  Prince Ribbit (D:5)
  5 dream sheep (Shoals:1)
  A snapping turtle (shapeshifter) (Depths:1)
  37 slime creatures
  A culicivora (shapeshifter) (D:14)
  A deep troll skeleton (Vaults:3)
  A centaur simulacrum (D:15)
  3 wraiths
  5 shadows
  A culicivora (Vaults:2)
  4 basilisks
  12 wyverns
  7 water elementals
  39 yaks
  A fire elemental (Depths:3)
  2 humans (Shoals:1)
  A chaos spawn (Abyss:2)
  2 neqoxecs (Abyss:2)
  A hog (shapeshifter) (D:14)
  7 redbacks
  A hog (Shoals:1)
  12 vampire mosquitoes
  Menkaure (D:6)
  3 steam dragons
  32 nagas
  A swamp worm (shapeshifter) (Vaults:5)
  2 wargs
  6 large abominations (Abyss:2)
  A glowing shapeshifter zombie (Depths:3)
  7 acid dragons
  A floating eye (shapeshifter) (Vaults:5)
  A water moccasin (shapeshifter) (Vaults:5)
  25 water moccasins
  A swamp drake (Lair:5)
  2 black bears
  A tengu skeleton (Depths:1)
  25 orc warriors
  2 sky beasts
  6 ogres
  6 centaurs
  Blork the orc (Orc:2)
  6 kobold brigands
  7 bullfrogs
  A gnoll sergeant (D:7)
  4 scorpions
  A hornet simulacrum (D:15)
  14 wights
  4 small abominations (Abyss:2)
  3 killer bees (D:4)
  A howler monkey (shapeshifter) (Vaults:5)
  17 electric eels
  A quasit (Abyss:2)
  An iron imp (Abyss:2)
  13 jellies (Lair:5)
  2 gnoll boudas
  20 orc priests
  4 hounds
  A sleepcap (D:4)
  7 iguanas
  27 orc wizards
  22 gnolls
  A river rat (D:3)
  6 adders
  A shadow imp (D:5)
  2 white imps
  3 worms
  3 dart slugs
  67 orcs
  11 endoplasms
  4 giant cockroaches
  5 goblins
  5 hobgoblins
  24 kobolds
  6 quokkas
  8 ball pythons
  5 bats
  2 frilled lizards
  3 rats
  2 tentacles (Shoals:1)
1759 creatures vanquished.

Vanquished Creatures (others)
  A white draconian (Zot:1)
  A freezing wraith (Vaults:5)
  A water elemental (Shoals:4)
  A white imp (Gauntlet)
  An orc (Orc:1)
  6 tentacles (Shoals:1)
11 creatures vanquished.

Grand Total: 1770 creatures vanquished

Notes
Turn   | Place    | Note
-------+----------+-------------------------------------------
     0 | D:1      | qw the Gargoyle Hunter began the quest for the Orb.
     0 | D:1      | Reached XP level 1. HP: 12/12 MP: 1/1
     0 | D:1      | 0 ||| qw: Version: 0.3-a-83-gcd0e7d8
     0 | D:1      | 0 ||| qw: Game counter: 1773
     0 | D:1      | 0 ||| qw: Melee chars always use a shield: true
     0 | D:1      | 0 ||| qw: God list: Okawaru
     0 | D:1      | 0 ||| qw: Allow faded altars: false
     0 | D:1      | 0 ||| qw: Do Orc after clearing Dungeon:15 true
     0 | D:1      | 0 ||| qw: Do second Lair branch before Depths: true
     0 | D:1      | 0 ||| qw: Lair rune preference: random
     0 | D:1      | 0 ||| qw: Goals: Normal
     0 | D:1      | 0 ||| PLANNING D:1-11
    61 | D:1      | Reached XP level 2. HP: 17/17 MP: 2/2
   239 | D:1      | Reached XP level 3. HP: 21/21 MP: 3/3
   597 | D:1      | 597 ||| UPGRADING to +5 ring of evasion.
   598 | D:1      | 598 ||| READING scroll labelled LAEHI BEGGOAT.
   599 | D:1      | 599 ||| READING scroll labelled VOLOR SAGATOHE.
   600 | D:1      | 600 ||| READING 2 scrolls labelled CINGURYQO.
   601 | D:1      | 601 ||| READING scroll labelled MYUHAFU AG VUH.
   616 | D:1      | 616 ||| DROPPING scroll of butterflies.
   759 | D:2      | Reached skill level 3 in Fighting
   915 | D:2      | Found Likharch's Antique Weapon Boutique.
  1037 | D:2      | Found a shadowy altar of Dithmenos.
  1283 | D:2      | 1283 ||| UPGRADING to +0 ring mail.
  1293 | D:2      | 1293 ||| DROPPING +0 leather armour.
  1294 | D:2      | 1294 ||| UPGRADING to amulet of regeneration.
  1299 | D:2      | 1299 ||| READING scroll labelled CYDAUWIASM.
  1300 | D:2      | 1300 ||| READING scroll labelled LOUXEU DEVVOUQ.
  1304 | D:2      | 1304 ||| DRINKING 2 smoky green potions.
  1341 | D:3      | 1341 ||| PLANNING SEWER
  1377 | D:3      | Reached skill level 1 in Armour
  1377 | D:3      | Reached XP level 4. HP: 28/28 MP: 4/4
  1620 | D:3      | Found a hazy altar of Hepliaklqana.
  1865 | D:3      | You fall into a shaft and drop 1 floor!
  1909 | D:4      | Identified the staff of Harmony {rElec rPois rF- rC++ Int+2
                  | Air}
  1910 | D:4      | Noticed an ogre
  1917 | D:4      | Killed an ogre
  1918 | D:4      | Reached skill level 6 in Ranged Weapons
  1918 | D:4      | Reached XP level 5. HP: 17/32 MP: 5/5
  1972 | D:4      | 1972 ||| DROPPING ring of wizardry.
  1973 | D:4      | 1973 ||| READING scroll labelled WITHROGRE SESOO.
  1974 | D:4      | 1974 ||| READING scroll labelled MAD CUJOEROMMYL.
  1975 | D:4      | 1975 ||| DRINKING 2 metallic coppery potions.
  1976 | D:4      | 1976 ||| READING 2 scrolls of identify.
  1976 | D:4      | 1976 ||| IDENTIFYING metallic sapphire potion
  1978 | D:4      | 1978 ||| FLEEEEING.
  1984 | D:4      | 1984 ||| STAIRDANCE
  2075 | D:3      | 2075 ||| RIP SEWER
  2147 | D:3      | 2147 ||| PLANNING D:1-11
  2290 | D:4      | Noticed an ogre
  2293 | D:4      | 2293 ||| STAIRDANCE
  2308 | D:4      | Killed an ogre
  2309 | D:4      | Reached skill level 4 in Fighting
  2309 | D:4      | Reached XP level 6. HP: 35/39 MP: 6/6
  2586 | D:4      | Found a staircase to the Ecumenical Temple.
  2587 | D:4      | 2587 ||| PLANNING TEMPLE
  2587 | D:4      | 2587 ||| READING 2 scrolls labelled HEINAA XETHREG.
  2590 | D:4      | 2590 ||| READING scroll of enchant weapon.
  2590 | D:4      | 2590 ||| ENCHANTING +1 shortbow of chaos.
  2591 | D:4      | 2591 ||| READING scroll labelled ZIS BOID SELUARCHY.
  2701 | Temple   | Entered the Ecumenical Temple
  2702 | Temple   | 2702 ||| PLANNING OKAWARU WORSHIP
  2710 | Temple   | Became a worshipper of Warmaster Okawaru
  2711 | Temple   | 2711 ||| PLANNING D:1-11
  2847 | D:4      | Reached XP level 7. HP: 16/44 MP: 7/7
  2983 | D:4      | 2983 ||| UPGRADING to +0 pair of boots.
  2988 | D:4      | 2988 ||| UPGRADING to +3 leather armour.
  2998 | D:4      | 2998 ||| DROPPING +0 ring mail.
  2999 | D:4      | 2999 ||| READING scroll labelled VUMIJU UFRO.
  3085 | D:5      | Entered Level 5 of the Dungeon
  3227 | D:5      | Noticed Prince Ribbit
  3237 | D:5      | Killed Prince Ribbit
  3237 | D:5      | Reached * piety under Okawaru
  3264 | D:5      | Noticed a +0 hand axe
  3264 | D:5      | Noticed a +0 hand axe
  3270 | D:5      | Found a hide-covered altar of Uskayaw.
  3383 | D:5      | Reached skill level 1 in Invocations
  3383 | D:5      | Reached XP level 8. HP: 48/48 MP: 8/8
  3395 | D:5      | Found a sparkling altar of Nemelex Xobeh.
  3425 | D:5      | 3425 ||| INVOKING Heroism.
  3430 | D:5      | Reached skill level 5 in Fighting
  3467 | D:5      | Found a sacrificial altar of Ru.
  3549 | D:5      | Found an ornate altar of the Wu Jian Council.
  3619 | D:5      | 3619 ||| READING 2 scrolls labelled HAMNOCKA AXTY.
  3620 | D:5      | 3620 ||| READING scroll of enchant armour.
  3620 | D:5      | 3620 ||| ENCHANTING +0 pair of boots.
  3621 | D:5      | 3621 ||| READING 2 scrolls labelled FIDOHA UFAROM.
  3622 | D:5      | 3622 ||| DROPPING scroll of vulnerability.
  3695 | D:6      | Reached ** piety under Okawaru
  3699 | D:6      | 3699 ||| INVOKING Heroism.
  3706 | D:6      | Reached skill level 3 in Invocations
  3715 | D:6      | 3715 ||| RETREEAATING.
  3716 | D:6      | 3716 ||| STILL RETREEAATING.
  3721 | D:6      | Reached skill level 9 in Ranged Weapons
  3723 | D:6      | 3723 ||| INVOKING Heroism.
  3734 | D:6      | Reached skill level 6 in Fighting
  3787 | D:6      | Noticed Menkaure
  3788 | D:6      | 3788 ||| INVOKING Heroism.
  3798 | D:6      | Killed Menkaure
  3799 | D:6      | Reached XP level 9. HP: 55/55 MP: 9/12
  3957 | D:6      | 3957 ||| DROPPING ring of magical power.
  3958 | D:6      | 3958 ||| READING 3 scrolls labelled XASTRY LUUTSEL.
  3959 | D:6      | 3959 ||| READING 2 scrolls of identify.
  3959 | D:6      | 3959 ||| IDENTIFYING cyan potion
  3960 | D:6      | 3960 ||| DROPPING 2 scrolls of amnesia.
  4225 | D:6      | 4225 ||| INVOKING Heroism.
  4229 | D:6      | Reached skill level 3 in Dodging
  4383 | D:6      | 4383 ||| DROPPING amulet of magic regeneration.
  4384 | D:6      | 4384 ||| DRINKING 2 puce potions.
  4428 | D:6      | 4428 ||| DROPPING potion of lignification.
  4462 | D:7      | 4462 ||| INVOKING Heroism.
  4529 | D:7      | 4529 ||| SWAPPING to +0 orcbow.
  4538 | D:7      | 4538 ||| DROPPING +2 shortbow of chaos.
  4572 | D:7      | Reached skill level 7 in Fighting
  4579 | D:7      | 4579 ||| READING scroll of enchant armour.
  4579 | D:7      | 4579 ||| ENCHANTING +1 pair of boots.
  4737 | D:7      | Found a broken altar of Ashenzari.
  4816 | D:7      | Noticed a gargoyle
  4828 | D:7      | 4828 ||| INVOKING Heroism.
  4838 | D:7      | HP: 6/57 [gargoyle/stone arrow (13)]
  4839 | D:7      | 4839 ||| DRINKING 2 potions of heal wounds.
  4844 | D:7      | Killed a gargoyle
  4844 | D:7      | Reached *** piety under Okawaru
  4870 | D:7      | 4870 ||| INVOKING Heroism.
  4893 | D:7      | 4893 ||| INVOKING Heroism.
  4938 | D:7      | 4938 ||| INVOKING Heroism.
  5038 | D:7      | 5038 ||| INVOKING Heroism.
  5046 | D:7      | Reached skill level 8 in Fighting
  5084 | D:7      | 5084 ||| READING scroll of enchant weapon.
  5084 | D:7      | 5084 ||| ENCHANTING +0 orcbow.
  5134 | D:7      | Reached XP level 10. HP: 64/64 MP: 13/13
  5310 | D:7      | 5310 ||| UPGRADING to +1 cloak.
  5340 | D:8      | 5340 ||| READING 2 scrolls of brand weapon.
  5340 | D:8      | 5340 ||| BRANDING +1 orcbow.
  5355 | D:8      | Found a glowing silver altar of Zin.
  5362 | D:8      | 5362 ||| INVOKING Heroism.
  5442 | D:8      | Found a runed translucent door.
  5448 | D:8      | Noticed a sixfirhy
  5497 | D:8      | 5497 ||| RETREEAATING.
  5498 | D:8      | 5498 ||| STILL RETREEAATING.
  5511 | D:8      | Reached skill level 12 in Ranged Weapons
  5532 | D:8      | 5532 ||| INVOKING Heroism.
  5620 | D:8      | 5620 ||| Stepping ~*~*~tactically~*~*~ (retreating).
  5633 | D:8      | Reached **** piety under Okawaru
  5697 | D:8      | Found Baceyff's Magic Scroll Shoppe.
  5700 | D:8      | 5700 ||| READING scroll of enchant weapon.
  5700 | D:8      | 5700 ||| ENCHANTING +1 heavy orcbow.
  5709 | D:8      | 5709 ||| SHOPLISTING 2 scrolls of acquirement (1144 gold,
                  | have 532).
  5709 | D:8      | 5709 ||| BUYING scroll of enchant armour (82 gold).
  5709 | D:8      | Bought a scroll of enchant armour for 82 gold pieces
  5709 | D:8      | 5709 ||| BUYING scroll of enchant weapon (82 gold).
  5709 | D:8      | Bought a scroll of enchant weapon for 82 gold pieces
  5709 | D:8      | 5709 ||| BUYING scroll of identify (22 gold).
  5709 | D:8      | Bought a scroll of identify for 22 gold pieces
  5709 | D:8      | 5709 ||| BUYING scroll of identify (22 gold).
  5709 | D:8      | Bought a scroll of identify for 22 gold pieces
  5709 | D:8      | 5709 ||| BUYING scroll of identify (22 gold).
  5709 | D:8      | Bought a scroll of identify for 22 gold pieces
  5709 | D:8      | 5709 ||| BUYING scroll of identify (22 gold).
  5709 | D:8      | Bought a scroll of identify for 22 gold pieces
  5713 | D:8      | 5713 ||| READING scroll of enchant armour.
  5713 | D:8      | 5713 ||| ENCHANTING +1 cloak.
  5714 | D:8      | 5714 ||| READING scroll of enchant weapon.
  5714 | D:8      | 5714 ||| ENCHANTING +2 heavy orcbow.
  5742 | D:8      | 5742 ||| INVOKING Heroism.
  5831 | D:8      | Found a runed translucent gate.
  5832 | D:8      | Found a runed translucent gate.
  5833 | D:8      | Found a runed translucent gate.
  5835 | D:8      | Noticed qw's ghost (novice GrHs)
  5835 | D:8      | Noticed a nine-headed hydra
  5935 | D:8      | 5935 ||| INVOKING Heroism.
  6075 | D:8      | 6075 ||| UPGRADING to +0 pair of gloves.
  6080 | D:8      | 6080 ||| DROPPING amulet of guardian spirit.
  6081 | D:8      | 6081 ||| DRINKING 3 green potions.
  6082 | D:8      | 6082 ||| DRINKING potion of curing.
  6082 | D:8      | 6082 ||| (to cure confusion)
  6083 | D:8      | 6083 ||| READING 5 scrolls of identify.
  6083 | D:8      | 6083 ||| IDENTIFYING bubbling silvery potion
  6084 | D:8      | 6084 ||| READING 4 scrolls of identify.
  6084 | D:8      | 6084 ||| IDENTIFYING fuming dark potion
  6085 | D:8      | 6085 ||| READING 3 scrolls of identify.
  6085 | D:8      | 6085 ||| IDENTIFYING murky inky potion
  6086 | D:8      | 6086 ||| READING 2 scrolls of identify.
  6086 | D:8      | 6086 ||| IDENTIFYING orange potion
  6087 | D:8      | 6087 ||| DROPPING 2 potions of ambrosia.
  6088 | D:8      | 6088 ||| DROPPING potion of degeneration.
  6109 | D:9      | 6109 ||| INVOKING Heroism.
  6121 | D:9      | Reached skill level 3 in Armour
  6163 | D:9      | 6163 ||| RETREEAATING.
  6165 | D:9      | 6165 ||| RETREEAATING.
  6168 | D:9      | 6168 ||| RETREEAATING.
  6172 | D:9      | 6172 ||| Stepping ~*~*~tactically~*~*~ (retreating).
  6173 | D:9      | 6173 ||| Stepping ~*~*~tactically~*~*~ (retreating).
  6174 | D:9      | 6174 ||| Stepping ~*~*~tactically~*~*~ (retreating).
  6175 | D:9      | 6175 ||| Stepping ~*~*~tactically~*~*~ (retreating).
  6282 | D:9      | Reached XP level 11. HP: 69/69 MP: 15/15
  6302 | D:9      | 6302 ||| INVOKING Heroism.
  6372 | D:9      | 6372 ||| INVOKING Heroism.
  6377 | D:9      | Noticed a cyclops
  6379 | D:9      | 6379 ||| Stepping ~*~*~tactically~*~*~ (retreating).
  6387 | D:9      | Killed a cyclops
  6388 | D:9      | Reached skill level 9 in Fighting
  6388 | D:9      | Reached skill level 6 in Invocations
  6539 | D:9      | Found a glowing golden altar of the Shining One.
  6586 | D:9      | 6586 ||| INVOKING Heroism.
  6604 | D:9      | 6604 ||| Stepping ~*~*~tactically~*~*~ (cloud).
  6618 | D:9      | Found a burning altar of Makhleb.
  6620 | D:9      | Noticed a green death
  6892 | D:10     | Entered Level 10 of the Dungeon
  6907 | D:10     | Noticed a two-headed ogre
  6908 | D:10     | 6908 ||| INVOKING Heroism.
  6913 | D:10     | Killed a two-headed ogre
  7043 | D:10     | Noticed Erica
  7044 | D:10     | 7044 ||| RETREEAATING.
  7045 | D:10     | 7045 ||| STILL RETREEAATING.
  7046 | D:10     | 7046 ||| STILL RETREEAATING.
  7047 | D:10     | 7047 ||| STILL RETREEAATING.
  7048 | D:10     | 7048 ||| STILL RETREEAATING.
  7049 | D:10     | 7049 ||| STILL RETREEAATING.
  7050 | D:10     | 7050 ||| STILL RETREEAATING.
  7055 | D:10     | Reached ***** piety under Okawaru
  7068 | D:10     | Killed Erica
  7110 | D:10     | 7110 ||| INVOKING Heroism.
  7129 | D:10     | Found a basalt altar of Yredelemnul.
  7163 | D:10     | Noticed Amaemon
  7164 | D:10     | 7164 ||| RETREEAATING.
  7166 | D:10     | 7166 ||| RETREEAATING.
  7169 | D:10     | 7169 ||| INVOKING Heroism.
  7181 | D:10     | Killed Amaemon
  7181 | D:10     | Received a gift from Okawaru
  7253 | D:10     | 7253 ||| RETREEAATING.
  7270 | D:10     | Reached skill level 9 in Invocations
  7366 | D:10     | Noticed Harold
  7367 | D:10     | 7367 ||| INVOKING Heroism.
  7389 | D:10     | Killed Harold
  7455 | D:10     | 7455 ||| INVOKING Heroism.
  7460 | D:10     | Reached XP level 12. HP: 77/77 MP: 15/19
  7511 | D:10     | 7511 ||| INVOKING Heroism.
  7513 | D:10     | Reached skill level 10 in Fighting
  7664 | D:10     | Noticed Gastronok
  7665 | D:10     | 7665 ||| INVOKING Heroism.
  7674 | D:10     | Killed Gastronok
  7707 | D:10     | Found a shimmering blue altar of Sif Muna.
  7830 | D:10     | 7830 ||| UPGRADING to +0 troll leather armour.
  7840 | D:10     | 7840 ||| UPGRADING to +1 hat.
  7845 | D:10     | 7845 ||| DROPPING +3 leather armour.
  7846 | D:10     | 7846 ||| READING 3 scrolls of identify.
  7846 | D:10     | 7846 ||| IDENTIFYING fizzy dark potion
  7847 | D:10     | 7847 ||| DROPPING potion of invisibility.
  7908 | D:11     | Noticed a boulder beetle
  7909 | D:11     | 7909 ||| INVOKING Heroism.
  7916 | D:11     | Killed a boulder beetle
  7921 | D:11     | Identified the +4 ring mail "Vamapno" {rElec Int+3 Slay+3}
  7962 | D:11     | Noticed a fire dragon
  8043 | D:11     | 8043 ||| Stepping ~*~*~tactically~*~*~ (retreating).
  8046 | D:11     | 8046 ||| Stepping ~*~*~tactically~*~*~ (retreating).
  8049 | D:11     | 8049 ||| Stepping ~*~*~tactically~*~*~ (retreating).
  8072 | D:11     | Noticed a boulder beetle
  8109 | D:11     | 8109 ||| INVOKING Heroism.
  8177 | D:11     | 8177 ||| Stepping randomly (disturbance).
  8205 | D:11     | Reached skill level 15 in Ranged Weapons
  8258 | D:11     | Found a staircase to the Orcish Mines.
  8465 | D:11     | Found a staircase to the Lair.
  8583 | D:11     | Found a transporter.
  8583 | D:11     | Found a transporter.
  8625 | D:11     | Noticed a boulder beetle
  8626 | D:11     | 8626 ||| INVOKING Heroism.
  8627 | D:11     | 8627 ||| INVOKING Finesse.
  8641 | D:11     | Killed a boulder beetle
  8764 | D:11     | 8764 ||| PLANNING LAIR
  8764 | D:11     | 8764 ||| UPGRADING to +4 ring mail "Vamapno" {rElec Int+3
                  | Slay+3}.
  8774 | D:11     | 8774 ||| DROPPING +0 troll leather armour.
  8825 | Lair:1   | Entered Level 1 of the Lair of Beasts
  9023 | Lair:1   | 9023 ||| INVOKING Heroism.
  9042 | Lair:1   | Received a gift from Okawaru
  9540 | Lair:1   | 9540 ||| READING 4 scrolls of identify.
  9540 | Lair:1   | 9540 ||| IDENTIFYING viscous sapphire potion
  9541 | Lair:1   | 9541 ||| DROPPING potion of attraction.
  9576 | Lair:2   | Noticed a five-headed hydra
  9577 | Lair:2   | 9577 ||| INVOKING Heroism.
  9578 | Lair:2   | 9578 ||| STAIRDANCE
  9594 | Lair:2   | 9594 ||| STAIRDANCE
  9596 | Lair:1   | 9596 ||| Stepping ~*~*~tactically~*~*~ (retreating).
  9597 | Lair:1   | 9597 ||| Stepping ~*~*~tactically~*~*~ (retreating).
  9598 | Lair:1   | 9598 ||| Stepping ~*~*~tactically~*~*~ (retreating).
  9599 | Lair:1   | Killed a five-headed hydra
  9606 | Lair:1   | Reached skill level 6 in Armour
  9851 | Lair:2   | 9851 ||| INVOKING Heroism.
 10078 | Lair:2   | 10078 ||| INVOKING Heroism.
 10095 | Lair:2   | 10095 ||| RETREEAATING.
 10229 | Lair:2   | Reached XP level 13. HP: 82/82 MP: 20/20
 10246 | Lair:2   | 10246 ||| RETREEAATING.
 10247 | Lair:2   | 10247 ||| STILL RETREEAATING.
 10248 | Lair:2   | 10248 ||| INVOKING Heroism.
 10251 | Lair:2   | 10251 ||| STILL RETREEAATING.
 10271 | Lair:2   | 10271 ||| READING scroll of enchant armour.
 10271 | Lair:2   | 10271 ||| ENCHANTING +0 pair of gloves.
 10408 | Lair:2   | 10408 ||| DROPPING +2 cloak.
 10442 | Lair:3   | 10442 ||| STAIRDANCE
 10450 | Lair:3   | 10450 ||| STAIRDANCE
 10513 | Lair:3   | Found a staircase to the Shoals.
 10549 | Lair:3   | 10549 ||| READING scroll of enchant weapon.
 10549 | Lair:3   | 10549 ||| ENCHANTING +3 heavy orcbow.
 10588 | Lair:3   | Found a staircase to the Snake Pit.
 10626 | Lair:3   | Received a gift from Okawaru
 10665 | Lair:3   | 10665 ||| RETREEAATING.
 10673 | Lair:3   | 10673 ||| STILL RETREEAATING.
 10677 | Lair:3   | Reached skill level 11 in Fighting
 10999 | Lair:3   | Found a dark tunnel.
 11119 | Lair:3   | 11119 ||| DROPPING scarf of harm.
 11120 | Lair:3   | 11120 ||| READING scroll labelled HYESIC KO KUBBIN.
 11150 | Lair:4   | 11150 ||| PLANNING GAUNTLET
 11198 | Lair:4   | You fall into a shaft and drop 1 floor!
 11198 | Lair:5   | Entered Level 5 of the Lair of Beasts
 11213 | Lair:5   | 11213 ||| RETREEAATING.
 11214 | Lair:5   | 11214 ||| STILL RETREEAATING.
 11215 | Lair:5   | 11215 ||| Stepping ~*~*~tactically~*~*~ (retreating).
 11216 | Lair:5   | 11216 ||| Stepping ~*~*~tactically~*~*~ (retreating).
 11239 | Lair:5   | Reached skill level 12 in Fighting
 11241 | Lair:5   | 11241 ||| INVOKING Heroism.
 11347 | Lair:5   | Received a gift from Okawaru
 11363 | Lair:5   | 11363 ||| INVOKING Heroism.
 11406 | Lair:5   | Reached skill level 6 in Dodging
 11433 | Lair:5   | 11433 ||| RETREEAATING.
 11435 | Lair:5   | 11435 ||| Stepping ~*~*~tactically~*~*~ (retreating).
 11436 | Lair:5   | 11436 ||| Stepping ~*~*~tactically~*~*~ (retreating).
 11437 | Lair:5   | 11437 ||| Stepping ~*~*~tactically~*~*~ (retreating).
 11438 | Lair:5   | 11438 ||| Stepping ~*~*~tactically~*~*~ (retreating).
 11465 | Lair:5   | 11465 ||| INVOKING Heroism.
 11466 | Lair:5   | 11466 ||| INVOKING Finesse.
 11489 | Lair:5   | Reached skill level 13 in Fighting
 11518 | Lair:5   | Gained mutation: Your large and strong wings let you fly.
                  | [Gargoyle growth]
 11518 | Lair:5   | Reached XP level 14. HP: 94/94 MP: 18/21
 11525 | Lair:5   | 11525 ||| INVOKING Heroism.
 11536 | Lair:5   | Received a gift from Okawaru
 11590 | Lair:5   | Found a staircase to the Slime Pits.
 11616 | Lair:5   | Reached skill level 14 in Fighting
 11648 | Lair:5   | 11648 ||| INVOKING Heroism.
 11662 | Lair:5   | 11662 ||| READING 6 scrolls of identify.
 11662 | Lair:5   | 11662 ||| IDENTIFYING bubbling cyan potion
 11665 | Lair:5   | Found the ring of the Tortoise {AC+8}
 11674 | Lair:4   | Found a gate leading to a gauntlet.
 11682 | Gauntlet | Entered a Gauntlet
 11682 | Gauntlet | Found a transporter.
 11682 | Gauntlet | Found a transporter.
 11682 | Gauntlet | Found a transporter.
 11686 | Gauntlet | Found a transporter.
 11687 | Gauntlet | Found a transporter.
 11698 | Gauntlet | Found a transporter.
 11700 | Gauntlet | Found a transporter.
 11710 | Gauntlet | Found a transporter.
 11721 | Gauntlet | Found a transporter.
 11738 | Gauntlet | Found a transporter.
 11742 | Gauntlet | Found a transporter.
 11752 | Gauntlet | Found a transporter.
 11756 | Gauntlet | Found the ring of the Hare {EV+10}
 11895 | Gauntlet | 11895 ||| Stepping randomly (stuck).
 11896 | Gauntlet | 11896 ||| Stepping randomly (stuck).
 12012 | Gauntlet | 12012 ||| Stepping randomly (stuck).
 12016 | Gauntlet | 12016 ||| INVOKING Heroism.
 12017 | Gauntlet | 12017 ||| INVOKING Finesse.
 12065 | Gauntlet | 12065 ||| UPGRADING to ring of the Hare {EV+10}.
 12080 | Gauntlet | 12080 ||| INVOKING Heroism.
 12135 | Gauntlet | Identified the ring "Keanarcho" {rN+ Will- Str+5 Int+3
                  | Slay+2}
 12145 | Gauntlet | 12145 ||| DROPPING ring "Keanarcho" {rN+ Will- Str+5 Int+3
                  | Slay+2}.
 12146 | Gauntlet | 12146 ||| READING scroll labelled IMACWOPRAVVE.
 12158 | Gauntlet | 12158 ||| INVOKING Heroism.
 12189 | Gauntlet | Identified the +4 giant club of Indomitability {drain,
                  | +Blink rC+ Int+4 Stlth-}
 12195 | Gauntlet | 12195 ||| DROPPING +0 pair of gloves of strength.
 12209 | Gauntlet | 12209 ||| INVOKING Heroism.
 12260 | Gauntlet | Identified the ring of Maro Ank {Wiz rF- Will+ Int+2}
 12287 | Gauntlet | 12287 ||| UPGRADING to amulet of faith.
 12297 | Gauntlet | 12297 ||| DROPPING ring of Maro Ank {Wiz rF- Will+ Int+2}.
 12298 | Gauntlet | 12298 ||| DROPPING ring of ice.
 12309 | Lair:4   | 12309 ||| PLANNING LAIR
 12475 | Lair:4   | Reached skill level 9 in Armour
 12733 | Lair:4   | 12733 ||| READING scroll of enchant weapon.
 12733 | Lair:4   | 12733 ||| ENCHANTING +4 heavy orcbow.
 12929 | Lair:4   | 12929 ||| UPGRADING to scarf of repulsion.
 12939 | Lair:4   | 12939 ||| DROPPING scarf of harm.
 12940 | Lair:4   | 12940 ||| UPGRADING to +0 helmet.
 12950 | Lair:4   | 12950 ||| DROPPING +1 hat.
 12973 | Lair:5   | 12973 ||| STAIRDANCE
 12979 | Lair:5   | 12979 ||| STAIRDANCE
 12986 | Lair:5   | 12986 ||| STAIRDANCE
 12995 | Lair:5   | 12995 ||| STAIRDANCE
 13042 | Lair:5   | 13042 ||| RETREEAATING.
 13043 | Lair:5   | 13043 ||| STILL RETREEAATING.
 13044 | Lair:5   | 13044 ||| STILL RETREEAATING.
 13045 | Lair:5   | 13045 ||| STILL RETREEAATING.
 13046 | Lair:5   | 13046 ||| STILL RETREEAATING.
 13047 | Lair:5   | 13047 ||| RETREEAATING.
 13048 | Lair:5   | 13048 ||| STILL RETREEAATING.
 13049 | Lair:5   | 13049 ||| STILL RETREEAATING.
 13050 | Lair:5   | 13050 ||| STILL RETREEAATING.
 13059 | Lair:5   | 13059 ||| INVOKING Heroism.
 13060 | Lair:5   | 13060 ||| INVOKING Finesse.
 13139 | Lair:5   | 13139 ||| Stepping ~*~*~tactically~*~*~ (cloud).
 13166 | Lair:5   | Reached skill level 15 in Fighting
 13173 | Lair:5   | 13173 ||| RETREEAATING.
 13174 | Lair:5   | 13174 ||| STILL RETREEAATING.
 13175 | Lair:5   | 13175 ||| INVOKING Heroism.
 13178 | Lair:5   | 13178 ||| Stepping ~*~*~tactically~*~*~ (retreating).
 13179 | Lair:5   | 13179 ||| Stepping ~*~*~tactically~*~*~ (retreating).
 13180 | Lair:5   | 13180 ||| Stepping ~*~*~tactically~*~*~ (retreating).
 13181 | Lair:5   | 13181 ||| Stepping ~*~*~tactically~*~*~ (retreating).
 13182 | Lair:5   | 13182 ||| Stepping ~*~*~tactically~*~*~ (retreating).
 13183 | Lair:5   | 13183 ||| Stepping ~*~*~tactically~*~*~ (retreating).
 13184 | Lair:5   | 13184 ||| Stepping ~*~*~tactically~*~*~ (retreating).
 13185 | Lair:5   | 13185 ||| Stepping ~*~*~tactically~*~*~ (retreating).
 13186 | Lair:5   | 13186 ||| Stepping ~*~*~tactically~*~*~ (retreating).
 13187 | Lair:5   | 13187 ||| Stepping ~*~*~tactically~*~*~ (retreating).
 13188 | Lair:5   | 13188 ||| Stepping ~*~*~tactically~*~*~ (retreating).
 13189 | Lair:5   | 13189 ||| Stepping ~*~*~tactically~*~*~ (retreating).
 13190 | Lair:5   | 13190 ||| INVOKING Finesse.
 13208 | Lair:5   | Received a gift from Okawaru
 13789 | Lair:5   | 13789 ||| PLANNING D
 13789 | Lair:5   | 13789 ||| UPGRADING to ring of the Tortoise {AC+8}.
 13791 | Lair:5   | 13791 ||| DROPPING +5 ring of evasion.
 14000 | D:12     | Found a transporter.
 14008 | D:12     | Found a transporter.
 14299 | D:12     | Noticed collin38's ghost (journeyman MiBe)
 14626 | D:13     | 14626 ||| RETREEAATING.
 14628 | D:13     | 14628 ||| RETREEAATING.
 14630 | D:13     | 14630 ||| RETREEAATING.
 14632 | D:13     | 14632 ||| Stepping ~*~*~tactically~*~*~ (retreating).
 14634 | D:13     | 14634 ||| Stepping ~*~*~tactically~*~*~ (retreating).
 14638 | D:13     | 14638 ||| INVOKING Heroism.
 14642 | D:13     | Reached skill level 16 in Fighting
 14835 | D:13     | 14835 ||| INVOKING Heroism.
 14861 | D:13     | 14861 ||| INVOKING Heroism.
 14876 | D:13     | Reached XP level 15. HP: 96/104 MP: 22/22
 14917 | D:13     | 14917 ||| INVOKING Heroism.
 14919 | D:13     | 14919 ||| READING 7 scrolls of teleportation.
 14922 | D:13     | 14922 ||| STAIRDANCE
 14927 | D:12     | 14927 ||| DROPPING +2 pair of boots.
 14928 | D:12     | 14928 ||| DROPPING +1 pair of boots.
 15050 | D:13     | 15050 ||| Stepping randomly (disturbance).
 15062 | D:13     | 15062 ||| FLEEEEING.
 15063 | D:13     | 15063 ||| FLEEEEING.
 15064 | D:13     | 15064 ||| FLEEEEING.
 15065 | D:13     | 15065 ||| FLEEEEING.
 15066 | D:13     | 15066 ||| FLEEEEING.
 15376 | D:13     | 15376 ||| DROPPING amulet of the acrobat.
 15418 | D:14     | 15418 ||| RETREEAATING.
 15420 | D:14     | 15420 ||| Stepping ~*~*~tactically~*~*~ (retreating).
 15429 | D:14     | 15429 ||| INVOKING Heroism.
 15431 | D:14     | Noticed Agnes
 15432 | D:14     | 15432 ||| INVOKING Finesse.
 15451 | D:14     | Killed Agnes
 15451 | D:14     | Received a gift from Okawaru
 15453 | D:14     | 15453 ||| INVOKING Heroism.
 15575 | D:14     | 15575 ||| Stepping ~*~*~tactically~*~*~ (retreating).
 15580 | D:14     | 15580 ||| Stepping ~*~*~tactically~*~*~ (retreating).
 15581 | D:14     | 15581 ||| RETREEAATING.
 15605 | D:14     | 15605 ||| INVOKING Heroism.
 15611 | D:14     | Reached skill level 9 in Dodging
 15846 | D:14     | 15846 ||| INVOKING Heroism.
 16072 | D:14     | Identified the +2 war axe "Beastbane" {freeze, Dex+6}
 16090 | D:14     | 16090 ||| INVOKING Heroism.
 16091 | D:14     | 16091 ||| INVOKING Finesse.
 16107 | D:14     | Reached skill level 17 in Fighting
 16372 | D:14     | Found a gate to the Vaults.
 16516 | D:14     | 16516 ||| DROPPING +1 ring mail of cold resistance.
 16517 | D:14     | 16517 ||| READING 8 scrolls of identify.
 16517 | D:14     | 16517 ||| IDENTIFYING bubbling inky potion
 16518 | D:14     | 16518 ||| DROPPING potion of brilliance.
 16551 | D:15     | Entered Level 15 of the Dungeon
 16552 | D:15     | 16552 ||| INVOKING Heroism.
 16553 | D:15     | 16553 ||| STAIRDANCE
 16565 | D:15     | 16565 ||| STAIRDANCE
 16573 | D:15     | 16573 ||| STAIRDANCE
 16575 | D:14     | 16575 ||| INVOKING Heroism.
 16606 | D:15     | 16606 ||| STAIRDANCE
 16608 | D:14     | 16608 ||| INVOKING Heroism.
 16716 | D:15     | 16716 ||| STAIRDANCE
 16780 | D:15     | 16780 ||| STAIRDANCE
 16789 | D:15     | 16789 ||| RETREEAATING.
 16896 | D:15     | 16896 ||| INVOKING Heroism.
 16897 | D:15     | 16897 ||| RETREEAATING.
 17028 | D:15     | 17028 ||| RETREEAATING.
 17037 | D:15     | 17037 ||| Stepping ~*~*~tactically~*~*~ (retreating).
 17038 | D:15     | 17038 ||| Stepping ~*~*~tactically~*~*~ (retreating).
 17046 | D:15     | Received a gift from Okawaru
 17047 | Abyss:2  | Cast into level 2 of the Abyss (a wizard)
 17051 | Abyss:2  | Found a corrupted altar of Lugonu.
 17055 | D:15     | Escaped the Abyss
 17057 | D:15     | 17057 ||| Stepping randomly (disturbance).
 17058 | D:15     | 17058 ||| Stepping randomly (disturbance).
 17059 | D:15     | 17059 ||| Stepping randomly (disturbance).
 17061 | D:15     | Reached skill level 18 in Fighting
 17152 | D:15     | Found a staircase to the Depths.
 17237 | D:15     | Found Waletuog's Magic Scroll Emporium.
 17266 | D:15     | 17266 ||| BUYING scroll of teleportation (42 gold).
 17266 | D:15     | Bought a scroll of teleportation for 42 gold pieces
 17266 | D:15     | 17266 ||| BUYING scroll of teleportation (42 gold).
 17266 | D:15     | Bought a scroll of teleportation for 42 gold pieces
 17622 | D:15     | 17622 ||| PLANNING ORC
 17748 | Orc:1    | Entered Level 1 of the Orcish Mines
 17753 | Orc:1    | 17753 ||| STAIRDANCE
 17758 | Orc:1    | 17758 ||| STAIRDANCE
 17767 | Orc:1    | 17767 ||| STAIRDANCE
 17769 | D:11     | 17769 ||| DRINKING 5 potions of curing.
 17769 | D:11     | 17769 ||| (to cure confusion)
 17774 | Orc:1    | 17774 ||| STAIRDANCE
 17814 | Orc:1    | Paralysed by an orc sorcerer for 2 turns
 17816 | Orc:1    | 17816 ||| STAIRDANCE
 17827 | Orc:1    | 17827 ||| STAIRDANCE
 17832 | Orc:1    | 17832 ||| STAIRDANCE
 17837 | Orc:1    | 17837 ||| Stepping ~*~*~tactically~*~*~ (retreating).
 17838 | Orc:1    | 17838 ||| Stepping ~*~*~tactically~*~*~ (retreating).
 17839 | Orc:1    | 17839 ||| INVOKING Heroism.
 17841 | Orc:1    | 17841 ||| Stepping ~*~*~tactically~*~*~ (retreating).
 18075 | Orc:1    | Noticed Nergalle
 18078 | Orc:1    | Killed Nergalle
 18078 | Orc:1    | Noticed Jorgrun
 18079 | Orc:1    | 18079 ||| INVOKING Heroism.
 18080 | Orc:1    | 18080 ||| INVOKING Finesse.
 18083 | Orc:1    | Noticed Sonja
 18084 | Orc:1    | 18084 ||| RETREEAATING.
 18087 | Orc:1    | Killed Jorgrun
 18088 | Orc:1    | Reached XP level 16. HP: 101/114 MP: 16/23
 18094 | Orc:1    | Killed Sonja
 18382 | Orc:2    | Entered Level 2 of the Orcish Mines
 18382 | Orc:2    | Noticed Blork the orc
 18383 | Orc:2    | 18383 ||| INVOKING Heroism.
 18384 | Orc:2    | 18384 ||| INVOKING Finesse.
 18403 | Orc:2    | HP: 18/114 [orc high priest/divine providence (15)]
 18404 | Orc:2    | 18404 ||| READING 10 scrolls of teleportation.
 18404 | Orc:2    | HP: 1/114 [orc high priest/divine providence (10)]
 18405 | Orc:2    | 18405 ||| DRINKING potion of heal wounds.
 18446 | Orc:2    | 18446 ||| INVOKING Heroism.
 18469 | Orc:2    | 18469 ||| INVOKING Heroism.
 18655 | Orc:2    | Noticed Nessos
 18659 | Orc:2    | Killed Nessos
 18670 | Orc:2    | 18670 ||| SWAPPING to +1 longbow of flaming.
 18671 | Orc:2    | 18671 ||| DROPPING +5 heavy orcbow.
 18672 | Orc:2    | 18672 ||| READING scroll of brand weapon.
 18672 | Orc:2    | 18672 ||| BRANDING +1 longbow of flaming.
 18678 | Orc:2    | 18678 ||| INVOKING Heroism.
 18692 | Orc:2    | 18692 ||| Stepping ~*~*~tactically~*~*~ (retreating).
 18693 | Orc:2    | 18693 ||| Stepping ~*~*~tactically~*~*~ (retreating).
 18694 | Orc:2    | 18694 ||| Stepping ~*~*~tactically~*~*~ (retreating).
 18695 | Orc:2    | 18695 ||| Stepping ~*~*~tactically~*~*~ (retreating).
 18696 | Orc:2    | 18696 ||| Stepping ~*~*~tactically~*~*~ (retreating).
 18697 | Orc:2    | 18697 ||| Stepping ~*~*~tactically~*~*~ (retreating).
 18698 | Orc:2    | 18698 ||| Stepping ~*~*~tactically~*~*~ (retreating).
 18699 | Orc:2    | 18699 ||| Stepping ~*~*~tactically~*~*~ (retreating).
 18700 | Orc:2    | 18700 ||| Stepping ~*~*~tactically~*~*~ (retreating).
 18701 | Orc:2    | 18701 ||| Stepping ~*~*~tactically~*~*~ (retreating).
 18702 | Orc:2    | 18702 ||| Stepping ~*~*~tactically~*~*~ (retreating).
 18703 | Orc:2    | 18703 ||| Stepping ~*~*~tactically~*~*~ (retreating).
 18704 | Orc:2    | 18704 ||| Stepping ~*~*~tactically~*~*~ (retreating).
 18710 | Orc:2    | 18710 ||| Stepping ~*~*~tactically~*~*~ (retreating).
 18713 | Orc:2    | 18713 ||| Stepping ~*~*~tactically~*~*~ (retreating).
 18714 | Orc:2    | 18714 ||| Stepping ~*~*~tactically~*~*~ (retreating).
 18715 | Orc:2    | 18715 ||| Stepping ~*~*~tactically~*~*~ (retreating).
 18716 | Orc:2    | 18716 ||| Stepping ~*~*~tactically~*~*~ (retreating).
 18717 | Orc:2    | 18717 ||| Stepping ~*~*~tactically~*~*~ (retreating).
 18718 | Orc:2    | 18718 ||| Stepping ~*~*~tactically~*~*~ (retreating).
 18719 | Orc:2    | 18719 ||| INVOKING Heroism.
 18721 | Orc:2    | 18721 ||| Stepping ~*~*~tactically~*~*~ (retreating).
 18722 | Orc:2    | 18722 ||| Stepping ~*~*~tactically~*~*~ (retreating).
 18723 | Orc:2    | Killed Blork the orc
 18724 | Orc:2    | 18724 ||| Stepping ~*~*~tactically~*~*~ (retreating).
 18725 | Orc:2    | 18725 ||| Stepping ~*~*~tactically~*~*~ (retreating).
 18795 | Orc:2    | Paralysed by an orc sorcerer for 2 turns
 18797 | Orc:2    | 18797 ||| INVOKING Heroism.
 18831 | Orc:2    | 18831 ||| INVOKING Heroism.
 18843 | Orc:2    | 18843 ||| Stepping ~*~*~tactically~*~*~ (retreating).
 18904 | Orc:2    | 18904 ||| INVOKING Heroism.
 19003 | Orc:2    | Found Gexubok's Mayhem Merchandise.
 19088 | Orc:2    | Found Kirphaell's Antique Weapon Emporium.
 19095 | Orc:2    | 19095 ||| BUYING +27 heavy crossbow "Sniper" {heavy, Acc+∞
                  | SInv} (1760 gold).
 19095 | Orc:2    | Bought the +27 heavy crossbow "Sniper" {heavy, Acc+∞ SInv}
                  | for 1760 gold pieces
 19095 | Orc:2    | Found the +27 heavy crossbow "Sniper" {heavy, Acc+∞ SInv}
 19095 | Orc:2    | 19095 ||| SWAPPING to +27 heavy crossbow "Sniper" {heavy,
                  | Acc+∞ SInv}.
 19096 | Orc:2    | 19096 ||| DROPPING +1 longbow of draining.
 19156 | Orc:2    | 19156 ||| INVOKING Heroism.
 19201 | Orc:2    | Found a staircase to the Elven Halls.
 19264 | Orc:2    | Found Xemabb's General Store.
 19270 | Orc:2    | 19270 ||| BUYING scroll of teleportation (33 gold).
 19270 | Orc:2    | Bought a scroll of teleportation for 33 gold pieces
 19279 | Orc:2    | Found Liklaome's Jewellery Emporium.
 19286 | Orc:2    | 19286 ||| SHOPLISTING brooch of Shielding {Spirit SH+8}
                  | (975 gold, have 173).
 19286 | Orc:2    | 19286 ||| SHOPLISTING ring of Gozag's Scorn {rF+ Will+
                  | Str+3 Slay+3 Stlth+} (910 gold, have 173).
 19295 | Orc:2    | Found Caxakad's Antique Armour Emporium.
 19380 | Orc:2    | 19380 ||| INVOKING Heroism.
 19382 | Orc:2    | 19382 ||| RETREEAATING.
 19626 | Orc:2    | 19626 ||| PLANNING SHOALS:1-3
 19796 | Shoals:1 | Entered Level 1 of the Shoals
 19801 | Shoals:1 | 19801 ||| INVOKING Heroism.
 19803 | Shoals:1 | Noticed Kirke
 19805 | Shoals:1 | Killed Kirke
 19840 | Shoals:1 | 19840 ||| INVOKING Heroism.
 19906 | Shoals:1 | 19906 ||| INVOKING Heroism.
 20076 | Shoals:1 | 20076 ||| INVOKING Heroism.
 20405 | Shoals:1 | Reached skill level 18 in Ranged Weapons
 20406 | Shoals:1 | Noticed a kraken
 20416 | Shoals:1 | Killed a kraken
 20587 | Shoals:2 | 20587 ||| INVOKING Heroism.
 20588 | Shoals:2 | 20588 ||| STAIRDANCE
 20601 | Shoals:2 | 20601 ||| INVOKING Finesse.
 20602 | Shoals:2 | 20602 ||| STAIRDANCE
 20633 | Shoals:2 | Received a gift from Okawaru
 20637 | Shoals:2 | 20637 ||| INVOKING Finesse.
 20681 | Shoals:2 | Found Mulyrej's Distillery.
 20689 | Shoals:2 | 20689 ||| BUYING potion of curing (51 gold).
 20689 | Shoals:2 | Bought a potion of curing for 51 gold pieces
 20689 | Shoals:2 | 20689 ||| BUYING potion of curing (51 gold).
 20689 | Shoals:2 | Bought a potion of curing for 51 gold pieces
 20689 | Shoals:2 | 20689 ||| BUYING potion of enlightenment (85 gold).
 20689 | Shoals:2 | Bought a potion of enlightenment for 85 gold pieces
 20689 | Shoals:2 | 20689 ||| SHOPLISTING potion of mutation (136 gold, have
                  | 101).
 20700 | Shoals:2 | 20700 ||| INVOKING Heroism.
 20721 | Shoals:2 | Identified the +0 hat of Okawaru's Castigation {rC++ Dex-5}
 20751 | Shoals:2 | 20751 ||| INVOKING Heroism.
 20926 | Shoals:2 | 20926 ||| INVOKING Heroism.
 20939 | Shoals:2 | Reached XP level 17. HP: 119/119 MP: 24/24
 20956 | Shoals:2 | Found Caunaq's Firing Range.
 21257 | Shoals:2 | 21257 ||| FLEEEEING.
 21258 | Shoals:2 | 21258 ||| FLEEEEING.
 21259 | Shoals:2 | 21259 ||| FLEEEEING.
 21260 | Shoals:2 | 21260 ||| FLEEEEING.
 21261 | Shoals:2 | 21261 ||| FLEEEEING.
 21262 | Shoals:2 | 21262 ||| FLEEEEING.
 21275 | Shoals:2 | 21275 ||| FLEEEEING.
 21276 | Shoals:2 | 21276 ||| FLEEEEING.
 21277 | Shoals:2 | 21277 ||| FLEEEEING.
 21278 | Shoals:2 | 21278 ||| FLEEEEING.
 21279 | Shoals:2 | 21279 ||| FLEEEEING.
 21280 | Shoals:2 | 21280 ||| FLEEEEING.
 21281 | Shoals:2 | 21281 ||| FLEEEEING.
 21282 | Shoals:2 | 21282 ||| FLEEEEING.
 21283 | Shoals:2 | 21283 ||| FLEEEEING.
 21284 | Shoals:2 | 21284 ||| FLEEEEING.
 21285 | Shoals:2 | 21285 ||| FLEEEEING.
 21286 | Shoals:2 | 21286 ||| FLEEEEING.
 21288 | Shoals:2 | 21288 ||| FLEEEEING.
 21289 | Shoals:2 | 21289 ||| FLEEEEING.
 21290 | Shoals:2 | 21290 ||| INVOKING Heroism.
 21429 | Shoals:2 | 21429 ||| DROPPING +0 hat of Okawaru's Castigation {rC++
                  | Dex-5}.
 21430 | Shoals:2 | 21430 ||| DROPPING +6 ring of strength.
 21431 | Shoals:2 | 21431 ||| DRINKING 2 ruby potions.
 21431 | Shoals:2 | Gained mutation: You occasionally lose the ability to read
                  | scrolls when taking damage. [potion of mutation]
 21431 | Shoals:2 | Gained mutation: You have a pair of small horns on your
                  | head. [potion of mutation]
 21431 | Shoals:2 | Lost mutation: You have a pair of small horns on your head.
                  | [potion of mutation]
 21432 | Shoals:2 | 21432 ||| DRINKING potion of mutation.
 21432 | Shoals:2 | Lost mutation: You occasionally lose the ability to read
                  | scrolls when taking damage. [potion of mutation]
 21432 | Shoals:2 | Gained mutation: You have sharp toenails. [potion of
                  | mutation]
 21433 | Shoals:2 | 21433 ||| UPGRADING to +0 helmet.
 21467 | Shoals:3 | Noticed Bai Suzhen
 21468 | Shoals:3 | 21468 ||| INVOKING Heroism.
 21469 | Shoals:3 | 21469 ||| STAIRDANCE
 21492 | Shoals:3 | 21492 ||| INVOKING Finesse.
 21499 | Shoals:3 | Killed Bai Suzhen
 21573 | Shoals:3 | Found Guukaot's Weapon Shop.
 21878 | Shoals:3 | 21878 ||| INVOKING Heroism.
 21977 | Shoals:3 | 21977 ||| INVOKING Heroism.
 21979 | Shoals:3 | Received a gift from Okawaru
 22036 | Shoals:3 | Noticed Ilsuiw
 22037 | Shoals:3 | 22037 ||| INVOKING Heroism.
 22039 | Shoals:3 | 22039 ||| INVOKING Finesse.
 22044 | Shoals:3 | 22044 ||| RETREEAATING.
 22045 | Shoals:3 | 22045 ||| STILL RETREEAATING.
 22046 | Shoals:3 | 22046 ||| STILL RETREEAATING.
 22047 | Shoals:3 | 22047 ||| STILL RETREEAATING.
 22048 | Shoals:3 | 22048 ||| STILL RETREEAATING.
 22051 | Shoals:3 | 22051 ||| STILL RETREEAATING.
 22061 | Shoals:3 | 22061 ||| STILL RETREEAATING.
 22067 | Shoals:3 | 22067 ||| INVOKING Heroism.
 22068 | Shoals:3 | Killed Ilsuiw
 22435 | Shoals:3 | 22435 ||| PLANNING SNAKE:1-3
 22537 | Snake:1  | Entered Level 1 of the Snake Pit
 22735 | Snake:1  | Noticed Aizul
 22736 | Snake:1  | 22736 ||| INVOKING Heroism.
 22740 | Snake:1  | Killed Aizul
 23034 | Snake:1  | Found Hadoxiz's Assorted Antiques.
 23046 | Snake:1  | 23046 ||| BUYING bone ring (165 gold).
 23046 | Snake:1  | Bought a bone ring for 165 gold pieces
 23046 | Snake:1  | 23046 ||| BUYING dyed leather armour (165 gold).
 23046 | Snake:1  | Bought a dyed leather armour for 165 gold pieces
 23046 | Snake:1  | 23046 ||| SHOPLISTING potion of mutation (264 gold, have
                  | 34).
 23046 | Snake:1  | 23046 ||| SHOPLISTING scroll of teleportation (99 gold,
                  | have 34).
 23099 | Snake:1  | 23099 ||| INVOKING Heroism.
 23101 | Snake:1  | 23101 ||| RETREEAATING.
 23394 | Snake:1  | 23394 ||| DROPPING +3 leather armour.
 23395 | Snake:1  | 23395 ||| DROPPING ring of flight.
 23403 | Snake:2  | Noticed Nikola
 23404 | Snake:2  | 23404 ||| INVOKING Heroism.
 23405 | Snake:2  | 23405 ||| STAIRDANCE
 23417 | Snake:2  | 23417 ||| STAIRDANCE
 23423 | Snake:2  | 23423 ||| STAIRDANCE
 23571 | Snake:2  | 23571 ||| STAIRDANCE
 23572 | Snake:2  | 23572 ||| INVOKING Heroism.
 23574 | Snake:2  | 23574 ||| STAIRDANCE
 23579 | Snake:1  | Reached skill level 21 in Ranged Weapons
 23648 | Snake:2  | 23648 ||| INVOKING Heroism.
 23649 | Snake:2  | 23649 ||| STAIRDANCE
 23687 | Snake:2  | 23687 ||| INVOKING Heroism.
 23688 | Snake:2  | 23688 ||| STAIRDANCE
 23699 | Snake:2  | 23699 ||| STAIRDANCE
 23713 | Snake:2  | 23713 ||| STAIRDANCE
 23729 | Snake:2  | 23729 ||| INVOKING Heroism.
 23730 | Snake:2  | 23730 ||| STAIRDANCE
 23740 | Snake:2  | Noticed Vashnia
 23741 | Snake:2  | Killed Nikola
 23743 | Snake:2  | 23743 ||| STAIRDANCE
 23820 | Snake:2  | 23820 ||| INVOKING Heroism.
 23821 | Snake:2  | 23821 ||| STAIRDANCE
 23832 | Snake:2  | 23832 ||| STAIRDANCE
 23850 | Snake:2  | 23850 ||| STAIRDANCE
 23883 | Snake:2  | 23883 ||| INVOKING Heroism.
 23884 | Snake:2  | 23884 ||| STAIRDANCE
 23898 | Snake:2  | Killed Vashnia
 23900 | Snake:2  | 23900 ||| STAIRDANCE
 24044 | Snake:2  | Found a hide-covered altar of Uskayaw.
 24238 | Snake:3  | Reached XP level 18. HP: 125/125 MP: 25/25
 24356 | Snake:3  | 24356 ||| Stepping ~*~*~tactically~*~*~ (retreating).
 24358 | Snake:3  | 24358 ||| Stepping ~*~*~tactically~*~*~ (retreating).
 24359 | Snake:3  | 24359 ||| Stepping ~*~*~tactically~*~*~ (retreating).
 24360 | Snake:3  | 24360 ||| Stepping ~*~*~tactically~*~*~ (retreating).
 24361 | Snake:3  | 24361 ||| Stepping ~*~*~tactically~*~*~ (retreating).
 24362 | Snake:3  | 24362 ||| Stepping ~*~*~tactically~*~*~ (retreating).
 24363 | Snake:3  | 24363 ||| Stepping ~*~*~tactically~*~*~ (retreating).
 24368 | Snake:3  | Received a gift from Okawaru
 24495 | Snake:3  | 24495 ||| RETREEAATING.
 24497 | Snake:3  | 24497 ||| Stepping ~*~*~tactically~*~*~ (retreating).
 24498 | Snake:3  | 24498 ||| Stepping ~*~*~tactically~*~*~ (retreating).
 24499 | Snake:3  | 24499 ||| Stepping ~*~*~tactically~*~*~ (retreating).
 24500 | Snake:3  | 24500 ||| Stepping ~*~*~tactically~*~*~ (retreating).
 24501 | Snake:3  | 24501 ||| Stepping ~*~*~tactically~*~*~ (retreating).
 24502 | Snake:3  | 24502 ||| Stepping ~*~*~tactically~*~*~ (retreating).
 24511 | Snake:3  | Found a sparkling altar of Nemelex Xobeh.
 24534 | Snake:3  | 24534 ||| INVOKING Heroism.
 24740 | Snake:3  | 24740 ||| PLANNING SHOALS:4
 24911 | Shoals:4 | Entered Level 4 of the Shoals
 24913 | Shoals:4 | 24913 ||| RETREEAATING.
 24914 | Shoals:4 | 24914 ||| STILL RETREEAATING.
 24914 | Shoals:4 | Found the +12 glaive of Prune {freeze, Prune}
 24915 | Shoals:4 | 24915 ||| STILL RETREEAATING.
 24916 | Shoals:4 | 24916 ||| STILL RETREEAATING.
 24917 | Shoals:4 | 24917 ||| STILL RETREEAATING.
 24992 | Shoals:4 | Identified the +0 falchion "Pusuix" {chaos, Will+}
 25125 | Shoals:4 | 25125 ||| DROPPING +4 ring of slaying {mikee}.
 25145 | Shoals:4 | 25145 ||| INVOKING Heroism.
 25146 | Shoals:4 | 25146 ||| INVOKING Finesse.
 25147 | Shoals:4 | 25147 ||| RETREEAATING.
 25155 | Shoals:4 | 25155 ||| STILL RETREEAATING.
 25156 | Shoals:4 | Received a gift from Okawaru
 25164 | Shoals:4 | Reached skill level 19 in Fighting
 25188 | Shoals:4 | 25188 ||| INVOKING Heroism.
 25214 | Shoals:4 | Got a barnacled rune of Zot
 25337 | Shoals:4 | 25337 ||| INVOKING Heroism.
 25694 | Shoals:4 | 25694 ||| PLANNING VAULTS:1-4
 25970 | Vaults:1 | Entered Level 1 of the Vaults
 25979 | Vaults:1 | 25979 ||| RETREEAATING.
 25980 | Vaults:1 | 25980 ||| STILL RETREEAATING.
 25981 | Vaults:1 | 25981 ||| STILL RETREEAATING.
 25982 | Vaults:1 | 25982 ||| STILL RETREEAATING.
 25983 | Vaults:1 | 25983 ||| STILL RETREEAATING.
 25984 | Vaults:1 | 25984 ||| STILL RETREEAATING.
 25990 | Vaults:1 | Reached skill level 12 in Armour
 25993 | Vaults:1 | 25993 ||| INVOKING Heroism.
 26135 | Vaults:1 | 26135 ||| FLEEEEING.
 26136 | Vaults:1 | 26136 ||| FLEEEEING.
 26137 | Vaults:1 | 26137 ||| FLEEEEING.
 26138 | Vaults:1 | 26138 ||| FLEEEEING.
 26139 | Vaults:1 | 26139 ||| FLEEEEING.
 26150 | Vaults:1 | 26150 ||| FLEEEEING.
 26151 | Vaults:1 | 26151 ||| FLEEEEING.
 26153 | Vaults:1 | 26153 ||| FLEEEEING.
 26154 | Vaults:1 | 26154 ||| FLEEEEING.
 26277 | Vaults:1 | Found Vipod's Weapon Shop.
 26345 | Vaults:1 | 26345 ||| Stepping ~*~*~tactically~*~*~ (retreating).
 26346 | Vaults:1 | 26346 ||| RETREEAATING.
 26347 | Vaults:1 | 26347 ||| Stepping ~*~*~tactically~*~*~ (retreating).
 26348 | Vaults:1 | 26348 ||| STILL RETREEAATING.
 26349 | Vaults:1 | 26349 ||| Stepping ~*~*~tactically~*~*~ (retreating).
 26350 | Vaults:1 | 26350 ||| Stepping ~*~*~tactically~*~*~ (retreating).
 26351 | Vaults:1 | 26351 ||| Stepping ~*~*~tactically~*~*~ (retreating).
 26352 | Vaults:1 | 26352 ||| Stepping ~*~*~tactically~*~*~ (retreating).
 26353 | Vaults:1 | 26353 ||| Stepping ~*~*~tactically~*~*~ (retreating).
 26354 | Vaults:1 | 26354 ||| Stepping ~*~*~tactically~*~*~ (retreating).
 26355 | Vaults:1 | Received a gift from Okawaru
 26475 | Vaults:1 | 26475 ||| RETREEAATING.
 26477 | Vaults:1 | 26477 ||| Stepping ~*~*~tactically~*~*~ (retreating).
 26481 | Vaults:1 | 26481 ||| Stepping ~*~*~tactically~*~*~ (retreating).
 26482 | Vaults:1 | 26482 ||| Stepping ~*~*~tactically~*~*~ (retreating).
 26483 | Vaults:1 | 26483 ||| Stepping ~*~*~tactically~*~*~ (retreating).
 26484 | Vaults:1 | 26484 ||| Stepping ~*~*~tactically~*~*~ (retreating).
 26485 | Vaults:1 | 26485 ||| Stepping ~*~*~tactically~*~*~ (retreating).
 26779 | Vaults:1 | Reached skill level 20 in Fighting
 26804 | Vaults:1 | 26804 ||| INVOKING Finesse.
 26951 | Vaults:1 | Found a portal to a secret trove of treasure.
 26959 | Vaults:1 | 26959 ||| INVOKING Heroism.
 26965 | Vaults:1 | 26965 ||| INVOKING Finesse.
 27176 | Vaults:1 | 27176 ||| RETREEAATING.
 27179 | Vaults:1 | 27179 ||| Stepping ~*~*~tactically~*~*~ (retreating).
 27180 | Vaults:1 | 27180 ||| Stepping ~*~*~tactically~*~*~ (retreating).
 27181 | Vaults:1 | 27181 ||| Stepping ~*~*~tactically~*~*~ (retreating).
 27186 | Vaults:1 | Reached XP level 19. HP: 49/135 MP: 26/26
 27186 | Vaults:1 | 27186 ||| Stepping ~*~*~tactically~*~*~ (retreating).
 27187 | Vaults:1 | 27187 ||| INVOKING Heroism.
 27188 | Vaults:1 | HP: 5/135 [vault warden/+0 war axe (36)]
 27189 | Vaults:1 | 27189 ||| READING 16 scrolls of teleportation.
 27190 | Vaults:1 | 27190 ||| DRINKING 3 potions of heal wounds.
 27191 | Vaults:1 | 27191 ||| DRINKING 2 potions of heal wounds.
 27540 | Vaults:1 | Received a gift from Okawaru
 27544 | Vaults:1 | 27544 ||| RETREEAATING.
 27545 | Vaults:1 | 27545 ||| STILL RETREEAATING.
 27546 | Vaults:1 | 27546 ||| INVOKING Heroism.
 27547 | Vaults:1 | 27547 ||| STILL RETREEAATING.
 27548 | Vaults:1 | 27548 ||| INVOKING Finesse.
 27551 | Vaults:1 | Paralysed by a great orb of eyes for 5 turns
 28003 | Vaults:1 | 28003 ||| DROPPING +2 pair of boots.
 28004 | Vaults:1 | 28004 ||| DROPPING +1 pair of gloves.
 28005 | Vaults:1 | 28005 ||| READING 18 scrolls of identify.
 28005 | Vaults:1 | 28005 ||| IDENTIFYING emerald potion
 28006 | Vaults:1 | 28006 ||| DROPPING potion of berserk rage.
 28189 | Vaults:2 | Received a gift from Okawaru
 28209 | Vaults:2 | 28209 ||| Stepping ~*~*~tactically~*~*~ (retreating).
 28209 | Abyss:2  | Cast into level 2 of the Abyss (a wizard)
 28325 | Abyss:2  | 28325 ||| INVOKING Heroism.
 28327 | Abyss:2  | 28327 ||| Stepping ~*~*~tactically~*~*~ (retreating).
 28354 | Abyss:2  | Found a corrupted altar of Lugonu.
 28361 | Abyss:2  | Reached skill level 21 in Fighting
 28370 | Abyss:2  | Gained mutation: Your muscles are strong. (Str +4, Int/Dex
                  | -1) [a neqoxec]
 28370 | Abyss:2  | Gained mutation: You are frail. (-10% HP) [a neqoxec]
 28372 | Abyss:2  | 28372 ||| DRINKING potion of mutation.
 28372 | Abyss:2  | Lost mutation: You have sharp toenails. [potion of
                  | mutation]
 28372 | Abyss:2  | Lost mutation: You are frail. (-10% HP) [potion of
                  | mutation]
 28372 | Abyss:2  | Gained mutation: You are agile. (Dex +4, Str/Int -1)
                  | [potion of mutation]
 28372 | Abyss:2  | Gained mutation: You are partially covered in iridescent
                  | scales. (AC +2) [potion of mutation]
 28510 | Vaults:2 | Escaped the Abyss
 28511 | Vaults:2 | 28511 ||| Stepping ~*~*~tactically~*~*~ (retreating).
 28512 | Vaults:2 | 28512 ||| Stepping ~*~*~tactically~*~*~ (retreating).
 28513 | Vaults:2 | 28513 ||| Stepping ~*~*~tactically~*~*~ (retreating).
 28514 | Vaults:2 | 28514 ||| Stepping ~*~*~tactically~*~*~ (retreating).
 28515 | Vaults:2 | 28515 ||| INVOKING Heroism.
 28516 | Vaults:2 | 28516 ||| INVOKING Finesse.
 28692 | Vaults:2 | 28692 ||| INVOKING Heroism.
 28693 | Vaults:2 | 28693 ||| INVOKING Finesse.
 28750 | Vaults:2 | 28750 ||| INVOKING Heroism.
 28751 | Vaults:2 | 28751 ||| INVOKING Finesse.
 28786 | Vaults:2 | Found a staircase to the Crypt.
 28851 | Vaults:2 | 28851 ||| RETREEAATING.
 28852 | Vaults:2 | 28852 ||| STILL RETREEAATING.
 28853 | Vaults:2 | 28853 ||| INVOKING Heroism.
 28855 | Vaults:2 | 28855 ||| STILL RETREEAATING.
 28856 | Vaults:2 | 28856 ||| STILL RETREEAATING.
 28857 | Vaults:2 | 28857 ||| STILL RETREEAATING.
 28864 | Vaults:2 | Reached skill level 12 in Dodging
 28866 | Vaults:2 | 28866 ||| Stepping ~*~*~tactically~*~*~ (retreating).
 29022 | Vaults:2 | 29022 ||| RETREEAATING.
 29023 | Vaults:2 | 29023 ||| STILL RETREEAATING.
 29027 | Vaults:2 | 29027 ||| Stepping ~*~*~tactically~*~*~ (retreating).
 29028 | Vaults:2 | 29028 ||| Stepping ~*~*~tactically~*~*~ (retreating).
 29029 | Vaults:2 | 29029 ||| Stepping ~*~*~tactically~*~*~ (retreating).
 29031 | Vaults:2 | 29031 ||| Stepping ~*~*~tactically~*~*~ (retreating).
 29039 | Vaults:2 | 29039 ||| Stepping ~*~*~tactically~*~*~ (retreating).
 29041 | Vaults:2 | 29041 ||| Stepping ~*~*~tactically~*~*~ (retreating).
 29043 | Vaults:2 | 29043 ||| Stepping ~*~*~tactically~*~*~ (retreating).
 29045 | Vaults:2 | 29045 ||| Stepping ~*~*~tactically~*~*~ (retreating).
 29047 | Vaults:2 | 29047 ||| Stepping ~*~*~tactically~*~*~ (retreating).
 29052 | Vaults:2 | 29052 ||| Stepping ~*~*~tactically~*~*~ (retreating).
 29054 | Vaults:2 | 29054 ||| Stepping ~*~*~tactically~*~*~ (retreating).
 29084 | Vaults:2 | 29084 ||| Stepping ~*~*~tactically~*~*~ (retreating).
 29096 | Vaults:2 | 29096 ||| Stepping ~*~*~tactically~*~*~ (retreating).
 29098 | Vaults:2 | 29098 ||| Stepping ~*~*~tactically~*~*~ (retreating).
 29132 | Vaults:2 | 29132 ||| Stepping ~*~*~tactically~*~*~ (retreating).
 29134 | Vaults:2 | 29134 ||| Stepping ~*~*~tactically~*~*~ (retreating).
 29139 | Vaults:2 | 29139 ||| Stepping ~*~*~tactically~*~*~ (retreating).
 29141 | Vaults:2 | 29141 ||| Stepping ~*~*~tactically~*~*~ (retreating).
 29149 | Vaults:2 | 29149 ||| FLEEEEING.
 29150 | Vaults:2 | 29150 ||| FLEEEEING.
 29151 | Vaults:2 | 29151 ||| FLEEEEING.
 29152 | Vaults:2 | 29152 ||| FLEEEEING.
 29153 | Vaults:2 | 29153 ||| FLEEEEING.
 29154 | Vaults:2 | 29154 ||| FLEEEEING.
 29155 | Vaults:2 | 29155 ||| FLEEEEING.
 29156 | Vaults:2 | 29156 ||| FLEEEEING.
 29158 | Vaults:2 | 29158 ||| FLEEEEING.
 29159 | Vaults:2 | 29159 ||| FLEEEEING.
 29160 | Vaults:2 | 29160 ||| FLEEEEING.
 29161 | Vaults:2 | 29161 ||| FLEEEEING.
 29162 | Vaults:2 | 29162 ||| FLEEEEING.
 29163 | Vaults:2 | 29163 ||| FLEEEEING.
 29164 | Vaults:2 | 29164 ||| FLEEEEING.
 29165 | Vaults:2 | 29165 ||| FLEEEEING.
 29166 | Vaults:2 | 29166 ||| FLEEEEING.
 29300 | Vaults:2 | 29300 ||| RETREEAATING.
 29302 | Vaults:2 | Found Citug's Jewellery Emporium.
 29305 | Vaults:2 | 29305 ||| SHOPLISTING amulet "Mewnasim" {Acrobat -Cast
                  | rC+++ Dex+6 Slay-5} (849 gold, have 585).
 29305 | Vaults:2 | 29305 ||| BUYING amulet of reflection (450 gold).
 29305 | Vaults:2 | Bought an amulet of reflection for 450 gold pieces
 29307 | Vaults:2 | Reached ****** piety under Okawaru
 29311 | Vaults:2 | Received a gift from Okawaru
 29312 | Vaults:2 | 29312 ||| INVOKING Receive Weapon.
 29312 | Vaults:2 | 29312 ||| ACQUIRING +4 longbow of draining
 29312 | Vaults:2 | Acquired a +4 longbow of draining
 29312 | Vaults:2 | Received a gift from Okawaru
 29313 | Vaults:2 | 29313 ||| INVOKING Receive Armour.
 29313 | Vaults:2 | 29313 ||| ACQUIRING sphere of Battle
 29313 | Vaults:2 | Acquired the sphere of Battle
 29313 | Vaults:2 | Received a gift from Okawaru
 29313 | Vaults:2 | Found the sphere of Battle
 29353 | Vaults:2 | 29353 ||| INVOKING Heroism.
 29354 | Vaults:2 | 29354 ||| INVOKING Finesse.
 29356 | Vaults:2 | 29356 ||| RETREEAATING.
 29527 | Vaults:2 | Noticed Zenata
 29529 | Vaults:2 | 29529 ||| INVOKING Heroism.
 29530 | Vaults:2 | 29530 ||| INVOKING Finesse.
 29533 | Vaults:2 | Killed Zenata
 29551 | Vaults:2 | Reached XP level 20. HP: 118/144 MP: 23/27
 29755 | Vaults:2 | Noticed Margery
 29755 | Vaults:2 | 29755 ||| DRINKING 2 potions of resistance.
 29756 | Vaults:2 | 29756 ||| RETREEAATING.
 29757 | Vaults:2 | 29757 ||| STILL RETREEAATING.
 29758 | Vaults:2 | 29758 ||| Stepping ~*~*~tactically~*~*~ (retreating).
 29759 | Vaults:2 | 29759 ||| STILL RETREEAATING.
 29760 | Vaults:2 | 29760 ||| STILL RETREEAATING.
 29761 | Vaults:2 | 29761 ||| Stepping ~*~*~tactically~*~*~ (retreating).
 29762 | Vaults:2 | 29762 ||| INVOKING Heroism.
 29763 | Vaults:2 | 29763 ||| INVOKING Finesse.
 29765 | Vaults:2 | 29765 ||| Stepping ~*~*~tactically~*~*~ (retreating).
 29766 | Vaults:2 | 29766 ||| Stepping ~*~*~tactically~*~*~ (retreating).
 29776 | Vaults:2 | Killed Margery
 29919 | Vaults:2 | 29919 ||| DROPPING amulet of regeneration.
 29927 | Vaults:3 | 29927 ||| STAIRDANCE
 29929 | Vaults:3 | 29929 ||| INVOKING Heroism.
 29932 | Vaults:3 | 29932 ||| STAIRDANCE
 29985 | Vaults:3 | 29985 ||| STAIRDANCE
 30102 | Vaults:3 | 30102 ||| STAIRDANCE
 30104 | Vaults:2 | 30104 ||| INVOKING Finesse.
 30105 | Vaults:2 | Received a gift from Okawaru
 30130 | Vaults:3 | 30130 ||| STAIRDANCE
 30135 | Vaults:3 | 30135 ||| STAIRDANCE
 30143 | Vaults:3 | 30143 ||| STAIRDANCE
 30150 | Vaults:3 | 30150 ||| STAIRDANCE
 30157 | Vaults:3 | 30157 ||| STAIRDANCE
 30178 | Vaults:3 | 30178 ||| STAIRDANCE
 30314 | Vaults:3 | 30314 ||| RETREEAATING.
 30315 | Vaults:3 | 30315 ||| STILL RETREEAATING.
 30323 | Vaults:3 | 30323 ||| INVOKING Heroism.
 30327 | Vaults:3 | Reached skill level 22 in Fighting
 30498 | Vaults:3 | 30498 ||| RETREEAATING.
 30499 | Vaults:3 | 30499 ||| STILL RETREEAATING.
 30500 | Vaults:3 | 30500 ||| STILL RETREEAATING.
 30501 | Vaults:3 | 30501 ||| STILL RETREEAATING.
 30502 | Vaults:3 | 30502 ||| STILL RETREEAATING.
 30503 | Vaults:3 | 30503 ||| STILL RETREEAATING.
 30504 | Vaults:3 | 30504 ||| STILL RETREEAATING.
 30505 | Vaults:3 | 30505 ||| STILL RETREEAATING.
 30506 | Vaults:3 | 30506 ||| STILL RETREEAATING.
 30507 | Vaults:3 | 30507 ||| STILL RETREEAATING.
 30508 | Vaults:3 | 30508 ||| STILL RETREEAATING.
 30509 | Vaults:3 | 30509 ||| STILL RETREEAATING.
 30510 | Vaults:3 | 30510 ||| STILL RETREEAATING.
 30511 | Vaults:3 | 30511 ||| STILL RETREEAATING.
 30512 | Vaults:3 | 30512 ||| STILL RETREEAATING.
 30513 | Vaults:3 | 30513 ||| STILL RETREEAATING.
 30514 | Vaults:3 | 30514 ||| STILL RETREEAATING.
 30515 | Vaults:3 | 30515 ||| STILL RETREEAATING.
 30516 | Vaults:3 | 30516 ||| STILL RETREEAATING.
 30517 | Vaults:3 | 30517 ||| STILL RETREEAATING.
 30518 | Vaults:3 | 30518 ||| STILL RETREEAATING.
 30974 | Vaults:3 | 30974 ||| RETREEAATING.
 30976 | Vaults:3 | 30976 ||| RETREEAATING.
 30978 | Vaults:3 | 30978 ||| STILL RETREEAATING.
 30979 | Vaults:3 | 30979 ||| STILL RETREEAATING.
 30980 | Vaults:3 | 30980 ||| STILL RETREEAATING.
 30981 | Vaults:3 | 30981 ||| STILL RETREEAATING.
 30982 | Vaults:3 | 30982 ||| STILL RETREEAATING.
 30983 | Vaults:3 | 30983 ||| STILL RETREEAATING.
 30984 | Vaults:3 | 30984 ||| STILL RETREEAATING.
 30985 | Vaults:3 | 30985 ||| STILL RETREEAATING.
 30986 | Vaults:3 | 30986 ||| STILL RETREEAATING.
 30987 | Vaults:3 | 30987 ||| STILL RETREEAATING.
 30996 | Vaults:3 | Received a gift from Okawaru
 31139 | Vaults:3 | 31139 ||| RETREEAATING.
 31143 | Vaults:3 | 31143 ||| STILL RETREEAATING.
 31144 | Vaults:3 | 31144 ||| STILL RETREEAATING.
 31145 | Vaults:3 | 31145 ||| STILL RETREEAATING.
 31146 | Vaults:3 | 31146 ||| STILL RETREEAATING.
 31147 | Vaults:3 | 31147 ||| STILL RETREEAATING.
 31151 | Vaults:3 | 31151 ||| RETREEAATING.
 31224 | Vaults:3 | 31224 ||| RETREEAATING.
 31225 | Vaults:3 | 31225 ||| Stepping ~*~*~tactically~*~*~ (retreating).
 31522 | Vaults:4 | 31522 ||| Stepping ~*~*~tactically~*~*~ (retreating).
 31523 | Vaults:4 | 31523 ||| Stepping ~*~*~tactically~*~*~ (retreating).
 31524 | Vaults:4 | 31524 ||| Stepping ~*~*~tactically~*~*~ (retreating).
 31532 | Vaults:4 | 31532 ||| INVOKING Heroism.
 31745 | Vaults:4 | 31745 ||| RETREEAATING.
 31746 | Vaults:4 | 31746 ||| STILL RETREEAATING.
 31749 | Vaults:4 | 31749 ||| STILL RETREEAATING.
 31750 | Vaults:4 | 31750 ||| STILL RETREEAATING.
 31751 | Vaults:4 | 31751 ||| STILL RETREEAATING.
 31752 | Vaults:4 | 31752 ||| STILL RETREEAATING.
 31753 | Vaults:4 | 31753 ||| STILL RETREEAATING.
 31754 | Vaults:4 | 31754 ||| STILL RETREEAATING.
 31755 | Vaults:4 | 31755 ||| STILL RETREEAATING.
 31756 | Vaults:4 | 31756 ||| STILL RETREEAATING.
 31759 | Vaults:4 | 31759 ||| Stepping ~*~*~tactically~*~*~ (retreating).
 31761 | Vaults:4 | 31761 ||| Stepping ~*~*~tactically~*~*~ (retreating).
 31762 | Vaults:4 | 31762 ||| Stepping ~*~*~tactically~*~*~ (retreating).
 31763 | Vaults:4 | 31763 ||| Stepping ~*~*~tactically~*~*~ (retreating).
 31764 | Vaults:4 | 31764 ||| Stepping ~*~*~tactically~*~*~ (retreating).
 31910 | Vaults:4 | 31910 ||| RETREEAATING.
 31911 | Vaults:4 | 31911 ||| Stepping ~*~*~tactically~*~*~ (retreating).
 31912 | Vaults:4 | 31912 ||| Stepping ~*~*~tactically~*~*~ (retreating).
 31913 | Vaults:4 | 31913 ||| Stepping ~*~*~tactically~*~*~ (retreating).
 31914 | Vaults:4 | 31914 ||| Stepping ~*~*~tactically~*~*~ (retreating).
 31915 | Vaults:4 | 31915 ||| Stepping ~*~*~tactically~*~*~ (retreating).
 31916 | Vaults:4 | 31916 ||| INVOKING Heroism.
 31917 | Vaults:4 | 31917 ||| INVOKING Finesse.
 31924 | Vaults:4 | Received a gift from Okawaru
 31926 | Vaults:4 | Reached skill level 23 in Fighting
 31987 | Vaults:4 | 31987 ||| Stepping ~*~*~tactically~*~*~ (retreating).
 31988 | Vaults:4 | 31988 ||| Stepping ~*~*~tactically~*~*~ (retreating).
 32104 | Vaults:4 | 32104 ||| FLEEEEING.
 32109 | Vaults:4 | 32109 ||| FLEEEEING.
 32110 | Vaults:4 | 32110 ||| FLEEEEING.
 32112 | Vaults:4 | 32112 ||| STAIRDANCE
 32341 | Vaults:4 | Found a runed translucent door.
 32341 | Vaults:4 | Noticed qw's ghost (adept GrHu)
 32501 | Vaults:4 | 32501 ||| RETREEAATING.
 32502 | Vaults:4 | 32502 ||| STILL RETREEAATING.
 32579 | Vaults:4 | 32579 ||| RETREEAATING.
 32583 | Vaults:4 | Reached XP level 21. HP: 147/153 MP: 28/28
 33002 | Vaults:4 | 33002 ||| PLANNING SNAKE:4
 33002 | Vaults:4 | 33002 ||| UPGRADING to +2 cloak of willpower.
 33012 | Vaults:4 | 33012 ||| DROPPING +2 cloak.
 33013 | Vaults:4 | 33013 ||| DROPPING scarf of repulsion.
 33417 | Snake:4  | Entered Level 4 of the Snake Pit
 33431 | Snake:4  | Found Sobaal's Overcharged Wands.
 33443 | Snake:4  | Found a glowing golden altar of the Shining One.
 33467 | Snake:4  | Received a gift from Okawaru
 33695 | Snake:4  | Identified the ring "Xuli" {Int+4 Dex+6}
 33746 | Snake:4  | 33746 ||| Stepping ~*~*~tactically~*~*~ (retreating).
 33753 | Snake:4  | 33753 ||| INVOKING Heroism.
 33756 | Snake:4  | 33756 ||| RETREEAATING.
 33758 | Snake:4  | 33758 ||| RETREEAATING.
 34076 | Snake:4  | Found Fyupnip's Jewellery Emporium.
 34132 | Snake:4  | 34132 ||| RETREEAATING.
 34133 | Snake:4  | 34133 ||| STILL RETREEAATING.
 34134 | Snake:4  | 34134 ||| STILL RETREEAATING.
 34135 | Snake:4  | 34135 ||| STILL RETREEAATING.
 34136 | Snake:4  | 34136 ||| STILL RETREEAATING.
 34138 | Snake:4  | 34138 ||| STILL RETREEAATING.
 34139 | Snake:4  | 34139 ||| STILL RETREEAATING.
 34140 | Snake:4  | 34140 ||| STILL RETREEAATING.
 34143 | Snake:4  | 34143 ||| Stepping ~*~*~tactically~*~*~ (retreating).
 34226 | Snake:4  | Reached skill level 15 in Armour
 34233 | Snake:4  | 34233 ||| FLEEEEING.
 34339 | Snake:4  | Received a gift from Okawaru
 34354 | Snake:4  | 34354 ||| Stepping ~*~*~tactically~*~*~ (retreating).
 34358 | Snake:4  | 34358 ||| Stepping ~*~*~tactically~*~*~ (retreating).
 34359 | Snake:4  | 34359 ||| Stepping ~*~*~tactically~*~*~ (retreating).
 34360 | Snake:4  | 34360 ||| RETREEAATING.
 34361 | Snake:4  | 34361 ||| Stepping ~*~*~tactically~*~*~ (retreating).
 34362 | Snake:4  | 34362 ||| Stepping ~*~*~tactically~*~*~ (retreating).
 34467 | Snake:4  | 34467 ||| RETREEAATING.
 34468 | Snake:4  | 34468 ||| FLEEEEING.
 34473 | Snake:4  | 34473 ||| FLEEEEING.
 34474 | Snake:4  | 34474 ||| FLEEEEING.
 34475 | Snake:4  | 34475 ||| FLEEEEING.
 34477 | Snake:4  | 34477 ||| FLEEEEING.
 34479 | Snake:4  | 34479 ||| FLEEEEING.
 34480 | Snake:4  | 34480 ||| FLEEEEING.
 34481 | Snake:4  | 34481 ||| FLEEEEING.
 34482 | Snake:4  | 34482 ||| FLEEEEING.
 34483 | Snake:4  | 34483 ||| FLEEEEING.
 34484 | Snake:4  | 34484 ||| FLEEEEING.
 34485 | Snake:4  | 34485 ||| FLEEEEING.
 34486 | Snake:4  | 34486 ||| FLEEEEING.
 34487 | Snake:4  | 34487 ||| FLEEEEING.
 34488 | Snake:4  | 34488 ||| FLEEEEING.
 34489 | Snake:4  | 34489 ||| FLEEEEING.
 34664 | Snake:4  | 34664 ||| RETREEAATING.
 34691 | Snake:4  | 34691 ||| Stepping ~*~*~tactically~*~*~ (retreating).
 34714 | Snake:4  | Reached skill level 15 in Dodging
 34806 | Snake:4  | Got a serpentine rune of Zot
 34925 | Snake:4  | 34925 ||| PLANNING DEPTHS
 34925 | Snake:4  | 34925 ||| DROPPING ring "Xuli" {Int+4 Dex+6}.
 35262 | Depths:1 | Entered Level 1 of the Depths
 35264 | Depths:1 | 35264 ||| STAIRDANCE
 35325 | Depths:1 | Found Arops's Book Shop.
 35332 | Depths:1 | 35332 ||| INVOKING Heroism.
 35333 | Depths:1 | 35333 ||| INVOKING Finesse.
 35334 | Depths:1 | 35334 ||| RETREEAATING.
 35336 | Depths:1 | 35336 ||| STILL RETREEAATING.
 35338 | Depths:1 | Received a gift from Okawaru
 35503 | Depths:1 | 35503 ||| RETREEAATING.
 35504 | Depths:1 | 35504 ||| STILL RETREEAATING.
 35510 | Depths:1 | 35510 ||| INVOKING Heroism.
 35512 | Depths:1 | 35512 ||| INVOKING Finesse.
 35596 | Depths:1 | 35596 ||| FLEEEEING.
 35648 | Depths:1 | Noticed a juggernaut
 35649 | Depths:1 | 35649 ||| INVOKING Heroism.
 35650 | Depths:1 | 35650 ||| INVOKING Finesse.
 35655 | Depths:1 | Killed a juggernaut
 35689 | Depths:1 | Noticed a caustic shrike
 35700 | Depths:1 | 35700 ||| Stepping ~*~*~tactically~*~*~ (retreating).
 35701 | Depths:1 | 35701 ||| Stepping ~*~*~tactically~*~*~ (retreating).
 35702 | Depths:1 | 35702 ||| Stepping ~*~*~tactically~*~*~ (retreating).
 35703 | Depths:1 | 35703 ||| INVOKING Heroism.
 35704 | Depths:1 | 35704 ||| INVOKING Finesse.
 35708 | Depths:1 | Killed a caustic shrike
 35709 | Depths:1 | 35709 ||| Stepping ~*~*~tactically~*~*~ (retreating).
 36030 | Depths:1 | Found a one-way gate to the infinite horrors of the Abyss.
 36136 | Depths:1 | 36136 ||| INVOKING Heroism.
 36137 | Depths:1 | 36137 ||| INVOKING Finesse.
 36413 | Depths:1 | 36413 ||| Stepping ~*~*~tactically~*~*~ (retreating).
 36416 | Depths:1 | 36416 ||| Stepping ~*~*~tactically~*~*~ (retreating).
 36466 | Depths:1 | Found a gateway to Hell.
 36519 | Depths:1 | 36519 ||| DROPPING +1 leather armour of fire resistance.
 36547 | Depths:2 | 36547 ||| STAIRDANCE
 36571 | Depths:2 | 36571 ||| STAIRDANCE
 36573 | Depths:1 | 36573 ||| Stepping ~*~*~tactically~*~*~ (retreating).
 36574 | Depths:1 | 36574 ||| Stepping ~*~*~tactically~*~*~ (retreating).
 36575 | Depths:1 | 36575 ||| Stepping ~*~*~tactically~*~*~ (retreating).
 36576 | Depths:1 | 36576 ||| Stepping ~*~*~tactically~*~*~ (retreating).
 36577 | Depths:1 | 36577 ||| Stepping ~*~*~tactically~*~*~ (retreating).
 36578 | Depths:1 | 36578 ||| Stepping ~*~*~tactically~*~*~ (retreating).
 36582 | Depths:1 | Reached XP level 22. HP: 124/161 MP: 29/29
 36668 | Depths:2 | 36668 ||| INVOKING Heroism.
 36669 | Depths:2 | 36669 ||| STAIRDANCE
 36677 | Depths:2 | 36677 ||| INVOKING Finesse.
 36678 | Depths:2 | 36678 ||| STAIRDANCE
 36703 | Depths:2 | 36703 ||| INVOKING Heroism.
 36704 | Depths:2 | 36704 ||| STAIRDANCE
 36735 | Depths:2 | 36735 ||| RETREEAATING.
 36739 | Depths:2 | 36739 ||| STILL RETREEAATING.
 36741 | Depths:2 | 36741 ||| Stepping ~*~*~tactically~*~*~ (retreating).
 36743 | Depths:2 | Reached skill level 24 in Fighting
 36745 | Depths:2 | 36745 ||| INVOKING Heroism.
 36762 | Depths:2 | 36762 ||| FLEEEEING.
 36763 | Depths:2 | 36763 ||| FLEEEEING.
 36764 | Depths:2 | 36764 ||| FLEEEEING.
 36766 | Depths:2 | 36766 ||| STAIRDANCE
 36987 | Depths:2 | Noticed Norris
 36988 | Depths:2 | 36988 ||| RETREEAATING.
 36989 | Depths:2 | 36989 ||| STILL RETREEAATING.
 36990 | Depths:2 | 36990 ||| STILL RETREEAATING.
 36991 | Depths:2 | 36991 ||| STILL RETREEAATING.
 36992 | Depths:2 | 36992 ||| STILL RETREEAATING.
 36993 | Depths:2 | 36993 ||| Stepping ~*~*~tactically~*~*~ (retreating).
 36994 | Depths:2 | 36994 ||| Stepping ~*~*~tactically~*~*~ (retreating).
 36995 | Depths:2 | 36995 ||| Stepping ~*~*~tactically~*~*~ (retreating).
 36996 | Depths:2 | 36996 ||| Stepping ~*~*~tactically~*~*~ (retreating).
 36997 | Depths:2 | 36997 ||| Stepping ~*~*~tactically~*~*~ (retreating).
 36998 | Depths:2 | 36998 ||| INVOKING Heroism.
 36999 | Depths:2 | 36999 ||| INVOKING Finesse.
 37008 | Depths:2 | Killed Norris
 37024 | Depths:2 | Received a gift from Okawaru
 37085 | Depths:2 | 37085 ||| RETREEAATING.
 37087 | Depths:2 | 37087 ||| RETREEAATING.
 37147 | Depths:2 | 37147 ||| INVOKING Heroism.
 37148 | Depths:2 | 37148 ||| INVOKING Finesse.
 37347 | Depths:2 | 37347 ||| INVOKING Heroism.
 37351 | Depths:2 | 37351 ||| RETREEAATING.
 37352 | Depths:2 | 37352 ||| STILL RETREEAATING.
 37360 | Depths:2 | Reached skill level 25 in Fighting
 37393 | Depths:2 | 37393 ||| INVOKING Heroism.
 37457 | Depths:2 | 37457 ||| RETREEAATING.
 37459 | Depths:2 | 37459 ||| STILL RETREEAATING.
 37519 | Depths:2 | Identified the +0 ring mail of Inference {Will+ rCorr}
 37664 | Depths:2 | Noticed a juggernaut
 37665 | Depths:2 | Found a runed translucent door.
 37667 | Depths:2 | Identified the +5 morningstar of the Sea {freeze, Dex+3}
 37667 | Depths:2 | Noticed a juggernaut
 37731 | Depths:2 | 37731 ||| INVOKING Heroism.
 37755 | Depths:2 | Found a one-way gate leading to the halls of Pandemonium.
 37848 | Depths:2 | 37848 ||| DROPPING +0 ring mail of Inference {Will+ rCorr}.
 37880 | Depths:3 | 37880 ||| INVOKING Heroism.
 37881 | Depths:3 | 37881 ||| STAIRDANCE
 37945 | Depths:3 | 37945 ||| STAIRDANCE
 38043 | Depths:3 | 38043 ||| INVOKING Heroism.
 38044 | Depths:3 | 38044 ||| STAIRDANCE
 38108 | Depths:3 | 38108 ||| INVOKING Heroism.
 38109 | Depths:3 | 38109 ||| STAIRDANCE
 38215 | Depths:3 | 38215 ||| STAIRDANCE
 38217 | Depths:2 | 38217 ||| INVOKING Heroism.
 38284 | Depths:3 | 38284 ||| INVOKING Heroism.
 38424 | Depths:3 | Found Gisughec's Weapon Emporium.
 38432 | Depths:3 | Found Dumiech's General Store.
 38432 | Depths:3 | Found Ziephan's Antique Weapon Shoppe.
 38441 | Depths:3 | Found Qixtaop's Antique Weapon Shoppe.
 38446 | Depths:3 | 38446 ||| BUYING potion of curing (42 gold).
 38446 | Depths:3 | Bought a potion of curing for 42 gold pieces
 38477 | Depths:3 | 38477 ||| INVOKING Heroism.
 38486 | Depths:3 | Found Ysmoabb's Antique Armour Boutique.
 38498 | Depths:3 | 38498 ||| BUYING glowing ring mail (217 gold).
 38498 | Depths:3 | Bought a glowing ring mail for 217 gold pieces
 38498 | Depths:3 | 38498 ||| BUYING runed ring mail (217 gold).
 38498 | Depths:3 | Bought a runed ring mail for 217 gold pieces
 38544 | Depths:3 | 38544 ||| INVOKING Heroism.
 38683 | Depths:3 | 38683 ||| INVOKING Heroism.
 38831 | Depths:3 | Identified the +1 rapier of Opilehul {venom, rF++ rC+
                  | Dex+2}
 38939 | Depths:3 | 38939 ||| DROPPING +2 robe of resistance.
 38940 | Depths:3 | 38940 ||| DROPPING +3 ring mail of willpower.
 38941 | Depths:3 | 38941 ||| DROPPING ring of resist corrosion.
 39209 | Depths:4 | Entered Level 4 of the Depths
 39210 | Depths:4 | 39210 ||| INVOKING Heroism.
 39211 | Depths:4 | 39211 ||| STAIRDANCE
 39213 | Depths:3 | 39213 ||| INVOKING Finesse.
 39245 | Depths:4 | 39245 ||| STAIRDANCE
 39250 | Depths:4 | 39250 ||| STAIRDANCE
 39255 | Depths:4 | 39255 ||| STAIRDANCE
 39336 | Depths:4 | 39336 ||| INVOKING Heroism.
 39337 | Depths:4 | 39337 ||| INVOKING Finesse.
 39499 | Depths:4 | Noticed a golden dragon
 39500 | Depths:4 | 39500 ||| INVOKING Heroism.
 39503 | Depths:4 | Killed a golden dragon
 39503 | Depths:4 | Noticed a juggernaut
 39504 | Depths:4 | Reached XP level 23. HP: 170/170 MP: 28/30
 39504 | Depths:4 | 39504 ||| RETREEAATING.
 39505 | Depths:4 | 39505 ||| STILL RETREEAATING.
 39507 | Depths:4 | Killed a juggernaut
 39512 | Depths:4 | Noticed Boris
 39513 | Depths:4 | 39513 ||| RETREEAATING.
 39515 | Depths:4 | 39515 ||| RETREEAATING.
 39516 | Depths:4 | 39516 ||| INVOKING Finesse.
 39519 | Depths:4 | Killed Boris
 39530 | Depths:4 | 39530 ||| INVOKING Heroism.
 39604 | Depths:4 | Found a one-way gateway to a ziggurat.
 39638 | Depths:4 | 39638 ||| INVOKING Heroism.
 39654 | Depths:4 | 39654 ||| READING scroll of enchant armour.
 39654 | Depths:4 | 39654 ||| ENCHANTING +1 pair of gloves.
 39675 | Depths:4 | Noticed Vv
 39676 | Depths:4 | 39676 ||| DRINKING potion of resistance.
 39677 | Depths:4 | 39677 ||| INVOKING Finesse.
 39684 | Depths:4 | Killed Vv
 39696 | Depths:4 | 39696 ||| INVOKING Heroism.
 39785 | Depths:4 | 39785 ||| INVOKING Heroism.
 39797 | Depths:4 | Noticed Jory
 39800 | Depths:4 | Killed Jory
 39847 | Depths:4 | 39847 ||| INVOKING Heroism.
 39849 | Depths:4 | 39849 ||| RETREEAATING.
 39850 | Depths:4 | 39850 ||| Stepping ~*~*~tactically~*~*~ (retreating).
 39851 | Depths:4 | 39851 ||| Stepping ~*~*~tactically~*~*~ (retreating).
 39852 | Depths:4 | 39852 ||| Stepping ~*~*~tactically~*~*~ (retreating).
 39853 | Depths:4 | 39853 ||| Stepping ~*~*~tactically~*~*~ (retreating).
 39854 | Depths:4 | 39854 ||| Stepping ~*~*~tactically~*~*~ (retreating).
 39861 | Depths:4 | 39861 ||| INVOKING Heroism.
 39977 | Depths:4 | 39977 ||| Stepping ~*~*~tactically~*~*~ (cloud).
 39978 | Depths:4 | 39978 ||| RETREEAATING.
 39979 | Depths:4 | 39979 ||| STILL RETREEAATING.
 39981 | Depths:4 | 39981 ||| Stepping ~*~*~tactically~*~*~ (cloud).
 39983 | Depths:4 | 39983 ||| STILL RETREEAATING.
 39984 | Depths:4 | 39984 ||| Stepping ~*~*~tactically~*~*~ (retreating).
 39985 | Depths:4 | 39985 ||| Stepping ~*~*~tactically~*~*~ (retreating).
 39986 | Depths:4 | 39986 ||| Stepping ~*~*~tactically~*~*~ (retreating).
 39987 | Depths:4 | 39987 ||| STILL RETREEAATING.
 39988 | Depths:4 | 39988 ||| STILL RETREEAATING.
 39989 | Depths:4 | 39989 ||| Stepping ~*~*~tactically~*~*~ (retreating).
 39990 | Depths:4 | 39990 ||| Stepping ~*~*~tactically~*~*~ (retreating).
 39991 | Depths:4 | 39991 ||| Stepping ~*~*~tactically~*~*~ (retreating).
 39992 | Depths:4 | 39992 ||| Stepping ~*~*~tactically~*~*~ (retreating).
 39997 | Depths:4 | Reached skill level 26 in Fighting
 40065 | Depths:4 | 40065 ||| FLEEEEING.
 40066 | Depths:4 | 40066 ||| FLEEEEING.
 40067 | Depths:4 | 40067 ||| FLEEEEING.
 40068 | Depths:4 | 40068 ||| FLEEEEING.
 40069 | Depths:4 | 40069 ||| FLEEEEING.
 40070 | Depths:4 | 40070 ||| FLEEEEING.
 40246 | Depths:4 | 40246 ||| INVOKING Heroism.
 40257 | Depths:4 | Found a gate to the Realm of Zot.
 40373 | Depths:4 | Found an ornate altar of the Wu Jian Council.
 40602 | Depths:4 | 40602 ||| PLANNING VAULTS:5
 40602 | Depths:4 | 40602 ||| DROPPING ring of fire.
 40880 | Vaults:5 | Entered Level 5 of the Vaults
 40881 | Vaults:5 | 40881 ||| RETREEAATING.
 40882 | Vaults:5 | 40882 ||| STAIRDANCE
 40884 | Vaults:4 | 40884 ||| Stepping ~*~*~tactically~*~*~ (retreating).
 40885 | Vaults:4 | 40885 ||| Stepping ~*~*~tactically~*~*~ (retreating).
 40886 | Vaults:4 | 40886 ||| Stepping ~*~*~tactically~*~*~ (retreating).
 40888 | Vaults:4 | 40888 ||| Stepping ~*~*~tactically~*~*~ (retreating).
 40889 | Vaults:4 | 40889 ||| Stepping ~*~*~tactically~*~*~ (retreating).
 40890 | Vaults:4 | 40890 ||| Stepping ~*~*~tactically~*~*~ (retreating).
 40891 | Vaults:4 | 40891 ||| Stepping ~*~*~tactically~*~*~ (retreating).
 41083 | Vaults:5 | 41083 ||| STAIRDANCE
 41087 | Vaults:4 | 41087 ||| Stepping ~*~*~tactically~*~*~ (retreating).
 41089 | Vaults:4 | 41089 ||| INVOKING Heroism.
 41352 | Vaults:5 | 41352 ||| INVOKING Heroism.
 41356 | Vaults:5 | Reached skill level 18 in Armour
 41360 | Vaults:5 | 41360 ||| STAIRDANCE
 41362 | Vaults:4 | 41362 ||| Stepping ~*~*~tactically~*~*~ (retreating).
 41363 | Vaults:4 | 41363 ||| Stepping ~*~*~tactically~*~*~ (retreating).
 41365 | Vaults:4 | HP: 42/172 [quicksilver dragon/bolt of dispelling energy
                  | (19)]
 41366 | Vaults:4 | 41366 ||| READING 21 scrolls of teleportation.
 41367 | Vaults:4 | 41367 ||| DRINKING 2 potions of heal wounds.
 41666 | Vaults:4 | 41666 ||| INVOKING Heroism.
 41806 | Vaults:5 | 41806 ||| STAIRDANCE
 41809 | Vaults:4 | 41809 ||| Stepping ~*~*~tactically~*~*~ (retreating).
 42023 | Vaults:5 | 42023 ||| STAIRDANCE
 42025 | Vaults:4 | 42025 ||| INVOKING Heroism.
 42026 | Vaults:4 | 42026 ||| INVOKING Finesse.
 42171 | Vaults:5 | 42171 ||| RETREEAATING.
 42172 | Vaults:5 | 42172 ||| STILL RETREEAATING.
 42172 | Vaults:5 | Noticed a dread lich
 42173 | Vaults:5 | 42173 ||| STILL RETREEAATING.
 42174 | Vaults:5 | 42174 ||| STILL RETREEAATING.
 42175 | Vaults:5 | 42175 ||| STILL RETREEAATING.
 42176 | Vaults:5 | 42176 ||| Stepping ~*~*~tactically~*~*~ (retreating).
 42177 | Vaults:5 | 42177 ||| Stepping ~*~*~tactically~*~*~ (retreating).
 42178 | Vaults:5 | 42178 ||| Stepping ~*~*~tactically~*~*~ (retreating).
 42179 | Vaults:5 | 42179 ||| INVOKING Heroism.
 42181 | Vaults:5 | Paralysed by a floating eye for 2 turns
 42185 | Vaults:5 | Killed a dread lich
 42186 | Vaults:5 | 42186 ||| INVOKING Finesse.
 42191 | Vaults:5 | Received a gift from Okawaru
 42193 | Vaults:5 | Noticed an ancient lich
 42200 | Vaults:5 | 42200 ||| Stepping ~*~*~tactically~*~*~ (retreating).
 42201 | Vaults:5 | 42201 ||| Stepping ~*~*~tactically~*~*~ (retreating).
 42202 | Vaults:5 | 42202 ||| Stepping ~*~*~tactically~*~*~ (retreating).
 42203 | Vaults:5 | 42203 ||| Stepping ~*~*~tactically~*~*~ (retreating).
 42204 | Vaults:5 | 42204 ||| Stepping ~*~*~tactically~*~*~ (retreating).
 42205 | Vaults:5 | 42205 ||| Stepping ~*~*~tactically~*~*~ (retreating).
 42206 | Vaults:5 | HP: 34/172 [ancient lich/crystal spear (44)]
 42207 | Vaults:5 | 42207 ||| READING 20 scrolls of teleportation.
 42208 | Vaults:5 | 42208 ||| DRINKING potion of heal wounds.
 42209 | Vaults:5 | Killed an ancient lich
 42209 | Vaults:5 | Identified the +3 arbalest of the End of Times {penet,
                  | Fragile Str+4 SInv}
 42209 | Vaults:5 | Identified the +0 leather armour of Nimmih {Int+4}
 42211 | Vaults:5 | 42211 ||| Stepping ~*~*~tactically~*~*~ (retreating).
 42212 | Vaults:5 | 42212 ||| INVOKING Heroism.
 42213 | Vaults:5 | 42213 ||| Stepping ~*~*~tactically~*~*~ (retreating).
 42213 | Vaults:5 | Identified a scroll of acquirement
 42215 | Vaults:5 | 42215 ||| INVOKING Finesse.
 42221 | Vaults:5 | Noticed a golden dragon
 42222 | Vaults:5 | 42222 ||| RETREEAATING.
 42222 | Vaults:5 | HP: 42/172 [yaktaur captain (12)]
 42223 | Vaults:5 | 42223 ||| READING 19 scrolls of teleportation.
 42224 | Vaults:5 | 42224 ||| Stepping ~*~*~tactically~*~*~ (retreating).
 42269 | Vaults:5 | 42269 ||| INVOKING Heroism.
 42361 | Vaults:5 | 42361 ||| INVOKING Heroism.
 42448 | Vaults:5 | 42448 ||| INVOKING Heroism.
 42453 | Vaults:5 | Killed a golden dragon
 42537 | Vaults:5 | 42537 ||| INVOKING Heroism.
 42552 | Vaults:5 | Identified the +10 orcbow of Descent {speed, Dex+2 Stlth+}
 42584 | Vaults:5 | Noticed a golden dragon
 42585 | Vaults:5 | Killed a golden dragon
 42604 | Vaults:5 | 42604 ||| INVOKING Heroism.
 42606 | Vaults:5 | HP: 41/172 [fire giant/fireball (53)]
 42607 | Vaults:5 | 42607 ||| READING 21 scrolls of teleportation.
 42706 | Vaults:5 | 42706 ||| INVOKING Heroism.
 42890 | Vaults:5 | 42890 ||| INVOKING Heroism.
 42909 | Vaults:5 | 42909 ||| READING scroll of acquirement.
 42909 | Vaults:5 | 42909 ||| ACQUIRING 1174 gold pieces
 42909 | Vaults:5 | Acquired 1174 gold pieces
 42987 | Vaults:5 | 42987 ||| INVOKING Heroism.
 43000 | Vaults:5 | 43000 ||| READING scroll of enchant armour.
 43000 | Vaults:5 | 43000 ||| ENCHANTING +0 helmet.
 43058 | Vaults:5 | 43058 ||| INVOKING Heroism.
 43147 | Vaults:5 | 43147 ||| INVOKING Heroism.
 43149 | Vaults:5 | 43149 ||| Stepping ~*~*~tactically~*~*~ (retreating).
 43150 | Vaults:5 | 43150 ||| Stepping ~*~*~tactically~*~*~ (retreating).
 43152 | Vaults:5 | Reached XP level 24. HP: 180/180 MP: 29/30
 43159 | Vaults:5 | Noticed a dread lich
 43160 | Vaults:5 | 43160 ||| RETREEAATING.
 43164 | Vaults:5 | Killed a dread lich
 43360 | Vaults:5 | Got a silver rune of Zot
 43362 | Vaults:5 | Identified the +3 rapier of the Tooth {heavy, MP+9 Dex+2}
 43477 | Vaults:5 | 43477 ||| INVOKING Heroism.
 43575 | Vaults:5 | Identified the +7 arbalest of Obiter Dictum {speed, rElec
                  | rCorr Str+3 Int-5}
 43604 | Vaults:5 | 43604 ||| INVOKING Heroism.
 43703 | Vaults:5 | 43703 ||| PLANNING SHOPPING SPREE
 43703 | Vaults:5 | 43703 ||| DROPPING +2 hat.
 44304 | Snake:1  | 44304 ||| BUYING potion of mutation (264 gold).
 44304 | Snake:1  | Bought a potion of mutation for 264 gold pieces
 44304 | Snake:1  | 44304 ||| BUYING scroll of teleportation (99 gold).
 44304 | Snake:1  | Bought a scroll of teleportation for 99 gold pieces
 44389 | Shoals:2 | 44389 ||| BUYING potion of mutation (136 gold).
 44389 | Shoals:2 | Bought a potion of mutation for 136 gold pieces
 44389 | Shoals:2 | 44389 ||| BUYING potion of mutation (136 gold).
 44389 | Shoals:2 | Bought a potion of mutation for 136 gold pieces
 44674 | Vaults:2 | 44674 ||| BUYING amulet "Mewnasim" {Acrobat -Cast rC+++
                  | Dex+6 Slay-5} (849 gold).
 44674 | Vaults:2 | Bought the amulet "Mewnasim" {Acrobat -Cast rC+++ Dex+6
                  | Slay-5} for 849 gold pieces
 44918 | Orc:2    | 44918 ||| BUYING brooch of Shielding {Spirit SH+8} (975
                  | gold).
 44918 | Orc:2    | Bought the brooch of Shielding {Spirit SH+8} for 975 gold
                  | pieces
 44918 | Orc:2    | Found the brooch of Shielding {Spirit SH+8}
 44918 | Orc:2    | 44918 ||| DROPPING amulet of reflection.
 44919 | Orc:2    | 44919 ||| CLEARING SHOPPING LIST
 44919 | Orc:2    | 44919 ||| PLANNING ZOT:1-4
 45291 | Zot:1    | Entered Level 1 of the Realm of Zot
 45293 | Zot:1    | 45293 ||| Stepping ~*~*~tactically~*~*~ (cloud).
 45302 | Zot:1    | Reached skill level 27 in Fighting
 45303 | Zot:1    | 45303 ||| FLEEEEING.
 45304 | Zot:1    | 45304 ||| STAIRDANCE
 45362 | Depths:4 | 45362 ||| UPGRADING to +4 ring mail of fire resistance.
 45452 | Zot:1    | 45452 ||| RETREEAATING.
 45453 | Zot:1    | 45453 ||| STILL RETREEAATING.
 45454 | Zot:1    | 45454 ||| STILL RETREEAATING.
 45455 | Zot:1    | 45455 ||| STILL RETREEAATING.
 45456 | Zot:1    | 45456 ||| STILL RETREEAATING.
 45457 | Zot:1    | 45457 ||| STILL RETREEAATING.
 45458 | Zot:1    | 45458 ||| STILL RETREEAATING.
 45459 | Zot:1    | 45459 ||| STILL RETREEAATING.
 45460 | Zot:1    | 45460 ||| STILL RETREEAATING.
 45461 | Zot:1    | 45461 ||| STILL RETREEAATING.
 45462 | Zot:1    | 45462 ||| STILL RETREEAATING.
 45463 | Zot:1    | 45463 ||| INVOKING Heroism.
 45662 | Zot:1    | Identified the ring of Generosity {+Blink rF+ Will+ Int+5}
 45691 | Zot:1    | 45691 ||| INVOKING Heroism.
 45699 | Zot:1    | 45699 ||| RETREEAATING.
 45700 | Zot:1    | 45700 ||| STILL RETREEAATING.
 45701 | Zot:1    | 45701 ||| STILL RETREEAATING.
 45789 | Zot:1    | 45789 ||| Stepping ~*~*~tactically~*~*~ (retreating).
 45790 | Zot:1    | 45790 ||| INVOKING Heroism.
 45794 | Zot:1    | 45794 ||| Stepping ~*~*~tactically~*~*~ (retreating).
 45795 | Zot:1    | 45795 ||| Stepping ~*~*~tactically~*~*~ (retreating).
 45796 | Zot:1    | 45796 ||| Stepping ~*~*~tactically~*~*~ (retreating).
 46082 | Zot:1    | Reached skill level 18 in Dodging
 46082 | Zot:1    | 46082 ||| INVOKING Heroism.
 46155 | Zot:1    | 46155 ||| DRINKING potion of experience.
 46155 | Zot:1    | Reached XP level 25. HP: 187/187 MP: 31/31
 46449 | Zot:1    | 46449 ||| DROPPING +4 ring of protection.
 46531 | Zot:2    | 46531 ||| INVOKING Heroism.
 46553 | Zot:2    | 46553 ||| INVOKING Heroism.
 46553 | Zot:2    | Noticed an orb of fire
 46554 | Zot:2    | 46554 ||| DRINKING 6 potions of cancellation.
 46555 | Zot:2    | 46555 ||| INVOKING Finesse.
 46555 | Zot:2    | Gained mutation: You have hidden genetic potential. [an orb
                  | of fire]
 46561 | Zot:2    | Gained mutation: You are frail. (-10% HP) [an orb of fire]
 46563 | Zot:2    | Killed an orb of fire
 46563 | Zot:2    | Received a gift from Okawaru
 46609 | Zot:2    | 46609 ||| INVOKING Heroism.
 46776 | Zot:2    | 46776 ||| DRINKING 3 potions of mutation.
 46776 | Zot:2    | Lost mutation: You have hidden genetic potential. [potion
                  | of mutation]
 46776 | Zot:2    | Lost mutation: You are frail. (-10% HP) [potion of
                  | mutation]
 46776 | Zot:2    | Lost mutation: You are partially covered in iridescent
                  | scales. (AC +2) [potion of mutation]
 46776 | Zot:2    | Gained mutation: You are partially covered in iridescent
                  | scales. (AC +2) [potion of mutation]
 46776 | Zot:2    | Gained mutation: You expend magic power (3 MP) to
                  | strengthen your wands. [potion of mutation]
 46874 | Zot:2    | 46874 ||| INVOKING Heroism.
 46921 | Zot:2    | 46921 ||| RETREEAATING.
 46922 | Zot:2    | 46922 ||| STILL RETREEAATING.
 46923 | Zot:2    | 46923 ||| STILL RETREEAATING.
 46924 | Zot:2    | 46924 ||| STILL RETREEAATING.
 46925 | Zot:2    | 46925 ||| STILL RETREEAATING.
 46926 | Zot:2    | 46926 ||| STILL RETREEAATING.
 46927 | Zot:2    | 46927 ||| STILL RETREEAATING.
 46928 | Zot:2    | 46928 ||| STILL RETREEAATING.
 46929 | Zot:2    | 46929 ||| STILL RETREEAATING.
 46931 | Zot:2    | 46931 ||| INVOKING Heroism.
 46933 | Zot:2    | Noticed a Killer Klown
 46933 | Zot:2    | Noticed a Killer Klown
 46933 | Zot:2    | Noticed a Killer Klown
 46933 | Zot:2    | Noticed a Killer Klown
 46933 | Zot:2    | Noticed a Killer Klown
 46933 | Zot:2    | Noticed a Killer Klown
 46933 | Zot:2    | 46933 ||| INVOKING Finesse.
 46944 | Zot:2    | Killed a Killer Klown
 46947 | Zot:2    | Killed a Killer Klown
 46951 | Zot:2    | Killed a Killer Klown
 46955 | Zot:2    | Killed a Killer Klown
 46962 | Zot:2    | Killed a Killer Klown
 46963 | Zot:2    | Reached XP level 26. HP: 73/193 MP: 30/31
 46964 | Zot:2    | HP: 42/193 [white draconian stormcaller/blast of cold[a
                  | white draconian stormcaller] (32)]
 46965 | Zot:2    | 46965 ||| READING 24 scrolls of teleportation.
 46967 | Zot:2    | 46967 ||| INVOKING Heroism.
 46974 | Zot:2    | Killed a Killer Klown
 46977 | Zot:2    | HP: 40/193 [green draconian monk (8)]
 46978 | Zot:2    | 46978 ||| READING 23 scrolls of teleportation.
 46980 | Zot:2    | 46980 ||| Stepping ~*~*~tactically~*~*~ (retreating).
 46981 | Zot:2    | 46981 ||| Stepping ~*~*~tactically~*~*~ (retreating).
 47142 | Zot:2    | 47142 ||| FLEEEEING.
 47143 | Zot:2    | 47143 ||| FLEEEEING.
 47144 | Zot:2    | 47144 ||| FLEEEEING.
 47145 | Zot:2    | 47145 ||| FLEEEEING.
 47146 | Zot:2    | 47146 ||| FLEEEEING.
 47147 | Zot:2    | 47147 ||| FLEEEEING.
 47148 | Zot:2    | 47148 ||| FLEEEEING.
 47149 | Zot:2    | 47149 ||| FLEEEEING.
 47150 | Zot:2    | 47150 ||| FLEEEEING.
 47151 | Zot:2    | 47151 ||| FLEEEEING.
 47152 | Zot:2    | 47152 ||| STAIRDANCE
 47520 | Zot:2    | 47520 ||| INVOKING Heroism.
 47613 | Zot:2    | 47613 ||| FLEEEEING.
 47614 | Zot:2    | 47614 ||| FLEEEEING.
 47615 | Zot:2    | 47615 ||| FLEEEEING.
 47616 | Zot:2    | 47616 ||| FLEEEEING.
 47618 | Zot:2    | 47618 ||| FLEEEEING.
 47619 | Zot:2    | 47619 ||| FLEEEEING.
 47620 | Zot:2    | 47620 ||| FLEEEEING.
 47621 | Zot:2    | 47621 ||| FLEEEEING.
 47622 | Zot:2    | 47622 ||| FLEEEEING.
 47623 | Zot:2    | 47623 ||| FLEEEEING.
 47624 | Zot:2    | 47624 ||| FLEEEEING.
 47625 | Zot:2    | 47625 ||| FLEEEEING.
 47626 | Zot:2    | 47626 ||| FLEEEEING.
 47629 | Zot:2    | 47629 ||| FLEEEEING.
 47630 | Zot:2    | 47630 ||| FLEEEEING.
 47631 | Zot:2    | 47631 ||| FLEEEEING.
 47632 | Zot:2    | 47632 ||| FLEEEEING.
 47634 | Zot:2    | 47634 ||| FLEEEEING.
 47635 | Zot:2    | 47635 ||| FLEEEEING.
 47636 | Zot:2    | 47636 ||| FLEEEEING.
 47637 | Zot:2    | 47637 ||| FLEEEEING.
 47650 | Zot:2    | Received a gift from Okawaru
 47857 | Zot:2    | 47857 ||| Stepping ~*~*~tactically~*~*~ (cloud).
 48063 | Zot:3    | 48063 ||| Stepping ~*~*~tactically~*~*~ (retreating).
 48065 | Zot:3    | 48065 ||| Stepping ~*~*~tactically~*~*~ (retreating).
 48066 | Zot:3    | 48066 ||| Stepping ~*~*~tactically~*~*~ (retreating).
 48067 | Zot:3    | 48067 ||| Stepping ~*~*~tactically~*~*~ (retreating).
 48068 | Zot:3    | 48068 ||| Stepping ~*~*~tactically~*~*~ (retreating).
 48069 | Zot:3    | 48069 ||| Stepping ~*~*~tactically~*~*~ (retreating).
 48070 | Zot:3    | 48070 ||| INVOKING Heroism.
 48079 | Zot:3    | HP: 45/193 [black draconian/+0 long sword (4)]
 48080 | Zot:3    | 48080 ||| READING 23 scrolls of teleportation.
 48080 | Zot:3    | HP: 20/193 [black draconian/+0 long sword (6)]
 48081 | Zot:3    | HP: 7/193 [quicksilver dragon (14)]
 48081 | Zot:3    | HP: 2/193 [quicksilver dragon (5)]
 48081 | Zot:3    | Mangled by a green draconian monk

Levels and vault maps discovered:
D:1:      moated_graveyard_arrival, layout_basic, st_stairs_12, minmay_3d_cube
D:2:      layout_loops_cross, serial_shops, nicolae_lakefront_shop, basic_altar,
          ebering_dispersal_statue_hall
D:3:      layout_basic, lemuel_coloured_pillars_altar, gup_sewer_entry_bowl
D:4:      layout_basic, minmay_temple_entry_statues_fountains,
          corexii_item_surrounded_by_moat
D:5:      layout_cave_pools, nicolae_overflow_hidden_temple,
          nicolae_ru_the_path_less_chosen, nemelex_spade_bored_becter,
          dancing_weapons_uskayaw, uniq_prince_ribbit1
D:6:      layout_basic, uniq_menkaure
D:7:      cheibrodos_two_vegetables, layout_basic,
          mainiacjoe_overflow_small_starburst, kennysheep_generic_room_6
D:8:      cheibrodos_shockbox, layout_loops_ring, kennysheep_little_box,
          gammafunk_ghost_hydra_chop, serial_shops, shop
D:9:      layout_roguey, tso_altar, makhleb_altar_promises_db, serial_bayou,
          serial_bayou_pond_b, serial_bayou_shore_a, serial_bayou_ford_a,
          serial_bayou_pond_b
D:10:     layout_roguey, kennysheep_orc_sif_temple, yredelemnul_altar_generic,
          uniq_gastronok, uniq_amaemon, uniq_erica, uniq_harold
D:11:     gammafunk_the_bubble [the_bubble_gammafunk_split],
          layout_loops_corners, lair_entry_dummy, orc_0_dummy
D:12:     layout_roguey, gammafunk_ghost_stat_death, kb_lookout_dungeons_type
D:13:     layout_roguey
D:14:     layout_basic, david_vaults_4, hangedman_decor_opposing,
          minmay_joined_circles, uniq_agnes
D:15:     grunt_enter_depths_magical_seal, layout_loops_ring, serial_shops,
          shop_scrolls, minmay_misc_feat_rows, minmay_crystal_room
Temple:   jpeg_temple_clearing
Lair:1:   layout_regular_city
Lair:2:   layout_cave_pods, evilmike_ambush [evilmike_ambush_outer_basic,
          evilmike_ambush_inner_basic]
Lair:3:   layout_long_grid, shoals_dummy_entry, nicolae_snake_entry_squirm,
          nicolae_volcano_entry_s_turn
Lair:4:   layout_small_grid, gauntlet_entry_generic, lemuel_fruit_fields
Lair:5:   hangedman_lair_tendril_chambers, layout_gridlike,
          guppyfry_lair_end_dragon, minmay_slime_entry_jelly_boxes,
          chequers_serial_rivers_marsh
Shoals:1: layout_shoals, uniq_kirke
Shoals:2: layout_shoals, serial_shops, shop, nicolae_shop_firing_range
Shoals:3: layout_shoals, serial_shops, shop, uniq_bai_suzhen, uniq_ilsuiw
Shoals:4: shoals_end_grunt_garden, layout_shoals
Snake:1:  layout_onion_interference, serial_shops, shop, uniq_aizul
Snake:2:  layout_cave_shapes, basic_altar, uniq_nikola, uniq_vashnia
Snake:3:  layout_misc_corridors, basic_altar, nicolae_coiled_stairwell_down,
          grunt_megastairs_2
Snake:4:  snake_pit_salamanders_mu, layout_basic, serial_shops,
          nicolae_shop_peninsula, basic_altar, grunt_ministairs_9,
          nicolae_shop_overcharged_wands
Orc:1:    layout_caves, uniq_nergalle, uniq_jorgrun, uniq_sonja
Orc:2:    grunt_orc_cross, layout_caves, minmay_shop_mayhem, uniq_nessos
Vaults:1: vaults_mumra_lcd, v_misc_17, nicolae_vaults_sightless_eye,
          nicolae_vaults_angled_halls, st_hourglassy,
          ontoclasm_vaults_loading_screen, layout_vaults_chaotic_city,
          nicolae_trove_entry_columns, serial_shops,
          nicolae_shop_tiny_waterfront
Vaults:2: st_lines, minmay_crypt_entry_nasty_monster, hangedman_vaults_slice,
          vaults_room_fancy_cross, hangedman_vaults_stitches, v_misc_23,
          v_pattern_3, nicolae_vaults_angled_halls,
          nicolae_vaults_three_branches, nicolae_vaults_six-pack,
          vaults_room_pools, ontoclasm_vaults_gateway,
          nicolae_vaults_frosty_reception, nicolae_vaults_circle_grid_a,
          nicolae_vaults_tetromino_T_2, layout_vaults_maze, serial_shops,
          nicolae_shop_real_fake_doors, uniq_margery, uniq_zenata
Vaults:3: nicolae_vaults_what_the_h, vaults_room_grid,
          hangedman_vaults_variations, v_misc_3, nicolae_vaults_surprise_closet,
          layout_vaults_omnigrid
Vaults:4: hellmonk_ghost_happy_afterlife, ontoclasm_vaults_misaligned,
          nicolae_vaults_trapezoid_3, nicolae_vaults_tetromino_L_2,
          v_alt_pattern_1, nicolae_vaults_layer_cake_slice,
          nicolae_vaults_tetromino_Z_2, nicolae_vaults_angled_halls,
          nicolae_vaults_little_squares_4, hangedman_vaults_capsules,
          kb_rosetta, hangedman_vaults_corner_blocks,
          nicolae_vaults_back_hallway, nicolae_vaults_mini_display_case,
          vaults_room_fours, nicolae_vaults_sealed_display,
          nicolae_vaults_ring_of_whatevers, layout_vaults_omnibox
Vaults:5
Depths:1: layout_honeycomb, hangedman_abyss_entry_splay, hell_entry,
          nzn_random_ring, minmay_shop_star
Depths:2: minmay_gate_of_8, layout_gridlike, hellmouth_3,
          minmay_splitting_lines, pan_entry, minmay_gold_behind_fungi,
          infiniplex_staircase_pool_2, uniq_norris
Depths:3: gammafunk_mikee_crab_dinner, layout_gridlike, kennysheep_cross_room,
          hellmouth_1, abyss_entry_small_statue_room, serial_shops, shop,
          minmay_staircase_bubble, minmay_shoptagon, firewood_loft
Depths:4: grunt_zot_entry_hairpin, layout_gridlike, enter_ziggurat_c,
          serial_sigils, serial_sigils_hangedman_shear,
          serial_sigils_hangedman_scratch, serial_sigils_hangedman_gnaw,
          serial_sigils_hangedman_quiver, pf_coc_iceberg,
          pdpol_wu_jian_five_deadly_venoms, uniq_jory, uniq_vv, uniq_boris
Zot:1:    layout_cellular_growth
Zot:2:    layout_onion_interference, st_stairs_9, hangedman_zot_decor_scrapings,
          drop_trap, guppyfry_library_mini
Zot:3:    layout_onion_interference, st_large_dragon_hoard_1

Skill      XL: |  1  2  3  4  5  6  7  8  9 10 11 12 13 14 15 16 17 18 19 20 21 22 23 24 25 26 |
---------------+-------------------------------------------------------------------------------+-----
Ranged Weapons | 5 6 7 8 9 11 13 14 15 16 18 21 22 | 22.0
Fighting       | 3 4 6 8 9 10 13 16 18 20 21 23 25 26 27 | 27.0
Armour         | 1 2 3 6 8 9 11 12 13 14 16 17 18 19 20 | 20.7
Dodging        | 2 3 4 6 7 9 10 12 13 15 16 17 18 19 | 19.0
Invocations    | 1 4 5 9 10 11 | 11.6
Stealth        | |  1.1

Action                     |  1- 3 |  4- 6 |  7- 9 | 10-12 | 13-15 | 16-18 | 19-21 | 22-24 | 25-27 || total
---------------------------+-------+-------+-------+-------+-------+-------+-------+-------+-------++-------
   Fire: Shortbow          |    99 |   129 |   212 |       |       |       |       |       |       ||   440
         Orcbow            |       |       |   139 |   522 |   964 |    65 |       |       |       ||  1690
         Heavy crossbow    |       |       |       |       |       |   515 |   644 |   569 |   170 ||  1898
         Longbow           |       |       |       |       |       |   103 |       |       |       ||   103
 Invoke: Heroism           |       |       |    11 |    22 |    27 |    39 |    20 |    48 |     8 ||   175
         Finesse           |       |       |       |     1 |     7 |     8 |    14 |    10 |     2 ||    42
         Receive Weapon    |       |       |       |       |       |       |     1 |       |       ||     1
         Receive Armour    |       |       |       |       |       |       |     1 |       |       ||     1
    Use: Scroll            |     6 |     6 |     8 |    10 |     8 |     2 |     2 |     7 |     3 ||    52
         Potion            |     1 |     1 |     2 |     2 |     1 |     3 |     4 |     4 |     2 ||    20
 Armour: Leather armour    |    15 |       |    65 |   125 |       |       |       |       |       ||   205
         Ring mail         |     1 |    45 |     6 |    15 |   471 |   277 |   361 |   349 |   132 ||  1657
         Troll leather arm |       |       |       |    47 |       |       |       |       |       ||    47
  Dodge: Dodged            |    19 |    63 |   108 |   245 |   954 |   830 |  1062 |   866 |   318 ||  4465
         Repelled          |       |       |       |       |     8 |    12 |     5 |       |       ||    25

Table legend:
 A = Non-vault XP
 B = Vault XP
 C = Vault XP percentage of total XP
 D = Non-vault monster count
 E = Vault monster count
 F = Vault count percentage of total count
                 A         B        C        D         E       F
            +---------+---------+-------+---------+---------+-------
      Total |  636423 |  381523 |  37.5 |    1210 |     547 |  31.1
            +---------+---------+-------+---------+---------+-------
        D:1 |      36 |      14 |  28.0 |      22 |       7 |  24.1
        D:2 |      28 |       0 |   0.0 |       8 |       0 |   0.0
        D:3 |      40 |      23 |  36.5 |      13 |       4 |  23.5
        D:4 |     595 |       0 |   0.0 |      27 |       0 |   0.0
        D:5 |     356 |     255 |  41.7 |      13 |       1 |   7.1
        D:6 |    1390 |     172 |  11.0 |      28 |       1 |   3.4
        D:7 |     985 |    1123 |  53.3 |      25 |      10 |  28.6
        D:8 |    2529 |       0 |   0.0 |      37 |       0 |   0.0
        D:9 |    2603 |     911 |  25.9 |      30 |       4 |  11.8
       D:10 |    5123 |    4606 |  47.3 |      23 |      10 |  30.3
       D:11 |    5666 |       0 |   0.0 |      26 |       0 |   0.0
       D:12 |    1341 |     106 |   7.3 |      10 |       1 |   9.1
       D:13 |   10453 |       0 |   0.0 |      26 |       0 |   0.0
       D:14 |   16628 |    8280 |  33.2 |      35 |      13 |  27.1
       D:15 |    5368 |    4417 |  45.1 |      12 |       9 |  42.9
     Lair:1 |    1177 |    1016 |  46.3 |       5 |       2 |  28.6
     Lair:2 |    4065 |     787 |  16.2 |      16 |       3 |  15.8
     Lair:3 |    3077 |     489 |  13.7 |       9 |       3 |  25.0
     Lair:4 |    3731 |    1046 |  21.9 |      14 |       3 |  17.6
     Lair:5 |   19622 |   12946 |  39.8 |      50 |      58 |  53.7
   Shoals:1 |   22992 |    1537 |   6.3 |      45 |       2 |   4.3
   Shoals:2 |   20563 |       0 |   0.0 |      38 |       0 |   0.0
   Shoals:3 |   15789 |    6605 |  29.5 |      34 |       5 |  12.8
   Shoals:4 |    5668 |   16445 |  74.4 |      12 |      28 |  70.0
    Snake:1 |   16948 |    1321 |   7.2 |      35 |       1 |   2.8
    Snake:2 |    5016 |    8030 |  61.6 |       8 |       6 |  42.9
    Snake:3 |   15464 |    4055 |  20.8 |      36 |       9 |  20.0
    Snake:4 |   12952 |   39462 |  75.3 |      25 |      60 |  70.6
      Orc:1 |    1871 |    3421 |  64.6 |      18 |       3 |  14.3
      Orc:2 |    4710 |    8615 |  64.7 |      34 |      39 |  53.4
   Vaults:1 |   40428 |    9124 |  18.4 |      62 |      11 |  15.1
   Vaults:2 |   34800 |   42756 |  55.1 |      47 |      51 |  52.0
   Vaults:3 |   26721 |    9554 |  26.3 |      36 |      11 |  23.4
   Vaults:4 |   29415 |   32448 |  52.5 |      44 |      34 |  43.6
   Vaults:5 |   12877 |   74532 |  85.3 |      22 |      62 |  73.8
   Depths:1 |   27726 |   21354 |  43.5 |      36 |      18 |  33.3
   Depths:2 |   44539 |   13590 |  23.4 |      50 |      18 |  26.5
   Depths:3 |   29594 |   10194 |  25.6 |      37 |      18 |  32.7
   Depths:4 |   30373 |   24292 |  44.4 |      28 |      18 |  39.1
      Zot:1 |   51510 |       0 |   0.0 |      43 |       0 |   0.0
      Zot:2 |   82108 |   13210 |  13.9 |      57 |      11 |  16.2
      Zot:3 |    8722 |       0 |   0.0 |       8 |       0 |   0.0
    Abyss:2 |   10824 |       0 |   0.0 |      26 |       0 |   0.0
   Gauntlet |       0 |    4787 | 100.0 |       0 |      13 | 100.0
            +---------+---------+-------+---------+---------+-------
